 Dungeon Crawl Stone Soup version 0.29-a0-330-g52719c12eb (webtiles) character file.

Game seed: 9157506831905339290

3304949 Leszczynek the Sorcerer (level 27, 191/191 HPs)
             Began as a Djinni Wanderer on Apr 25, 2022.
             Was the Champion of the Shining One.
             Escaped with the Orb
             ... and 4 runes on Apr 28, 2022!
             The game lasted 06:33:47 (41619 turns).

Leszczynek the Sorcerer (Djinni Wanderer)          Turns: 41619, Time: 06:33:49

Health: 191/191    AC: 18    Str: 14      XL:     27
Gold:   5987       EV: 27    Int: 30 (32) God:    the Shining One [******] SH: 15 Dex: 27 (29)

rFire   + . .      SeeInvis .   T - +7 short sword "Teluno Yham" {freeze, rElec Int+2}
rCold   + + +      Faith    .   N - +2 buckler {reflect}
rNeg    + + +      Spirit   .   R - +4 troll leather armour {Snorg}
rPois   ∞          Reflect  +   S - +2 helmet of the Invisible Hand {rC+ Str+3}
rElec   +          Harm     .   g - +2 cloak
rCorr   .          Rampage  .   z - +1 pair of gloves of Hangman {rC++ MP+9 Dex+4}
Will    ++...                   (boots unavailable)
Stlth   +.........              w - amulet "Kotets" {Reflect +Blink rF- rC++ Dex+2 SH+5}
HPRegen 1.21/turn               f - +6 ring of intelligence
MPRegen 0.00/turn               r - +6 ring of dexterity

@: flying, glowing
A: sickness immunity, fire resistance 2, cold vulnerability 1, float, innate
caster, HP casting, extra vitality 1, frail 1, inhibited regeneration
0: Orb of Zot
}: 4/15 runes: decaying, silver, abyssal, gossamer
a: Renounce Religion, Evoke Blink, Divine Shield, Cleansing Flame, Summon Divine
Warrior


You escaped.
You worshipped the Shining One.
The Shining One was exalted by your worship.
You visited 10 branches of the dungeon, and saw 51 of its levels.
You visited the Abyss 1 time.
You visited 2 bazaars.
You also visited: Sewer and Gauntlet.

You collected 7973 gold pieces.
You spent 1986 gold pieces at shops.

Inventory:

Hand Weapons
 H - the +9 short sword of Domination {distort, MP+9 Int+2 Dex+4 Stlth+}
   (You found it on level 7 of the Dungeon)

   It warps and distorts space around it, and may blink, banish, or inflict
   extra damage upon those it strikes.
   Unwielding it can cause banishment or high damage.
   Int:       It affects your intelligence (+2).
   Dex:       It affects your dexterity (+4).
   MP:        It affects your magic capacity (+9).
   Stlth:     It makes you more stealthy.
 Q - a +7 eudemon blade of holy wrath {god gift}
 T - the +7 short sword "Teluno Yham" (weapon) {freeze, rElec Int+2}
   (You took it off a deep elf high priest on level 3 of the Elven Halls)

   It freezes those it strikes, dealing additional cold damage.
   It can also slow down cold-blooded creatures.
   Int:       It affects your intelligence (+2).
   rElec:     It insulates you from electricity.
Missiles
 h - 4 silver javelins (quivered)
 j - 5 throwing nets
 k - 9 curare-tipped darts
 U - 10 javelins
Armour
 g - a +2 cloak (worn)
 z - the +1 pair of gloves of Hangman (worn) {rC++ MP+9 Dex+4}
   (You found it on level 4 of the Vaults)

   Dex:       It affects your dexterity (+4).
   rC:        It greatly protects you from cold.
   MP:        It affects your magic capacity (+9).
 I - a +0 tower shield
 K - a +0 kite shield
 N - a +2 buckler of reflection (worn)
 R - a +4 troll leather armour (worn) {Snorg}
 S - the +2 helmet of the Invisible Hand (worn) {rC+ Str+3}
   (You found it in a Gauntlet)

   Str:       It affects your strength (+3).
   rC:        It protects you from cold.
Jewellery
 f - a +6 ring of intelligence (left hand)
 r - a +6 ring of dexterity (right hand)
 w - the amulet "Kotets" (around neck) {Reflect +Blink rF- rC++ Dex+2 SH+5}
   (You found it in a Gauntlet)

   [amulet of reflection]

   It reflects blocked missile attacks.
   Dex:       It affects your dexterity (+2).
   rF:        It makes you vulnerable to fire.
   rC:        It greatly protects you from cold.
   +Blink:    It lets you blink.
   SH:        It affects your SH (+5).
 y - a ring of willpower
 O - a ring of resist corrosion
 Y - a ring of protection from fire
Wands
 b - a wand of acid (31)
 v - a wand of polymorph (14)
 E - a wand of paralysis (9)
 L - a wand of iceblast (16)
 M - a wand of charming (13)
 W - a wand of mindburst (31)
 X - a wand of digging (7)
Scrolls
 a - 5 scrolls of holy word {!r}
 c - 20 scrolls of teleportation
 i - 2 scrolls of summoning
 l - 7 scrolls of vulnerability {!r}
 o - 9 scrolls of immolation {!r}
 s - 3 scrolls of magic mapping
 C - 4 scrolls of blinking
 G - 4 scrolls of fear
 P - 12 scrolls of fog
Potions
 e - 5 potions of heal wounds {@q2}
 m - 24 potions of curing {@q1}
 n - 10 potions of attraction
 q - 8 potions of lignification {!q}
 t - 3 potions of cancellation
 u - 5 potions of haste
 x - 12 potions of mutation {!q}
 A - 15 potions of might
 B - 7 potions of resistance
 D - 12 potions of brilliance
 F - 8 potions of ambrosia
Miscellaneous
 d - a lightning rod (4/4)
 p - a box of beasts
 J - a tin of tremorstones (2/2)
 V - a phial of floods
 Z - a phantom mirror


   Skills:
 + Level 22.8 Fighting
 - Level 9.4(12.3) Short Blades
 - Level 12.7(14.0) Long Blades
 - Level 7.2 Armour
 + Level 16.5 Dodging
 - Level 8.3 Shields
 - Level 6.2 Unarmed Combat
 + Level 24.8 Spellcasting
 - Level 13.1 Invocations
 - Level 11.5 Evocations


You couldn't memorise any spells.
You knew the following spells:

 Your Spells              Type           Power      Damage    Failure   Level
a - Foxfire               Conj/Fire      100%       2x1d9     0%          1
b - Poisonous Vapours     Pois/Air       100%       N/A       0%          2
c - Searing Ray           Conj           100%       2d8       0%          2
d - Ignite Poison         Fire/Tmut/Pois 100%       N/A       0%          3
e - Animate Armour        Summ/Erth      100%       N/A       0%          4
f - Fireball              Conj/Fire      56%        3d22      0%          5
g - Lightning Bolt        Conj/Air       56%        1d78      0%          5
h - Storm Form            Tmut/Air       56%        N/A       1%          7
i - Dragon Form           Tmut           56%        N/A       1%          7
j - Shatter               Erth           56%        3d42*     4%          9
k - Polar Vortex          Ice            56%        N/A       4%          9
q - Summon Hydra          Summ           56%        N/A       1%          7
v - Ignition              Fire           56%        3d15      1%          8
x - Iron Shot             Conj/Erth      56%        9d11      0%          6
P - Corpse Rot            Necr/Air       100%       N/A       0%          2

Your spell library contained the following spells:

 Spells                   Type           Power      Damage    Failure   Level


Dungeon Overview and Level Annotations

Branches:
Dungeon (15/15)            Temple (0/1) D:4            Lair (6/6) D:9
  Swamp (4/4) Lair:4       Spider (4/4) Lair:4          Orc (2/2) D:10
    Elf (3/3) Orc:2        Vaults (5/5) D:13          Crypt (3/3) Vaults:2
   Tomb (0/3) Crypt:3      Depths (4/4) D:15            Zot (5/5) Depths:4
  Sewer (visited)         Gauntlet (visited)
  Slime: Lair:5-6

Altars:
Gozag
Nemelex Xobeh
Trog
Yredelemnul
Zin
The Shining One
Beogh
Jiyva

Shops:
D:1 !   D:2 (***[   D:6 *   Orc:1 [   Orc:2 ([!(   Vaults:1 ?   Vaults:3 *::
Vaults:4 (   Depths:1 *

Portals:
Hell: Depths:1 Depths:2 Depths:3 Depths:4
Abyss: Depths:1 Depths:2 Depths:4
Ziggurat: Depths:4

Annotations:
D:10 3 runed translucent doors, Ajdolov's ghost, journeyman BaIE
D:11 1 runed translucent door, initializr's ghost, journeyman SpEn
D:13 6 transporters
D:14 Roxanne
Lair:4 Rupert
Elf:1 3 runed translucent doors (randart ring and 4 tough ghosts), Enfaeutchie's ghost, adept SpEn; Erips's ghost, adept TrFi; Waskuitz's ghost, adept DrCj
Zot:5 3 runed translucent doors, Aelig's ghost, legendary KoBr; Zophe's ghost, legendary DrCj; p0werm0de's ghost, adept BaFi


Innate Abilities, Weirdness & Mutations

You are immune to sickness and miasma.
You are immune to poison.
Your flesh is very heat resistant. (rF++)
You are vulnerable to cold. (rC-)
You float through the air rather than walking.
You learn spells naturally, not from books.
Your magical power is your life essence.
You have superior vitality. (+4 MHP)
You are frail. (-10% HP)
You do not regenerate when monsters are visible.


Message History

The tormentor roars!
Casting: Fireball (safe; 0% risk of failure)
Confirm with . or Enter, or press ? or * to list all spells.
Aiming: Iron Shot (safe; 0% risk of failure)
Press: ? - help, Shift-Dir - straight line, f - tormentor
Aim: a tormentor (haloed, 81% to hit)
The iron shot misses the tormentor.
The tormentor hits you but does no damage.
The tormentor completely misses you.
Casting: Iron Shot (safe; 0% risk of failure)
Confirm with . or Enter, or press ? or * to list all spells.
Aiming: Iron Shot (safe; 0% risk of failure)
Press: ? - help, Shift-Dir - straight line, f/p - tormentor
Aim: a tormentor (haloed, 81% to hit)
The iron shot hits the tormentor!!!
The tormentor is almost dead.
You block the tormentor's attack. The tormentor completely misses you.
Casting: Iron Shot (safe; 0% risk of failure)
Confirm with . or Enter, or press ? or * to list all spells.
Aiming: Iron Shot (safe; 0% risk of failure)
Press: ? - help, Shift-Dir - straight line, f/p - tormentor
Aim: a tormentor (almost dead, haloed, 81% to hit)
The iron shot hits the tormentor!!!
You kill the tormentor!
The Shining One accepts your kill.
You feel better.
(D) Dungeon (T) Temple (L) Lair (S) Swamp (N) Spider Nest (O) Orcish Mines (E) Elven Halls (V) Vaults (C) Crypt (W) Tomb (U) Depths (H) Hell (Z) Zot
Where to? (Enter - D:1 @ (x,y), ? - help)
There is an open door here.
There is an open door here.
There is a staircase leading out of the dungeon here.
Enter note: only regained 5 out of 9 lost with that one fucking pie
Enter note: even though i killed a few top tier extended threats, including one pan lord
Enter note: one fucking pie
Enter note: unreal HP restored.
You have escaped!

............)....................
.....#####..'########..###.##...#
.....# #..##.......##..##.....#.
.....# #..##.#######.##..#...#...
.....# #.##.# ..##.##.#.......
.....# #.#.# #####.#..#.#......#
########.#. ##...##.#.#.###.#...
.........# #.'##.#.#.#.........
.#.......# #.#@#.#.#.#...##....
.#.....#.# #.###.'.#.#.#.##....
.#.....#.# ##.≈.##.#.#.#.......
##.......# #### .##.#.#.......
......#..## # ##........#
......##..## #.........#
......###..## #..#.....###
.....[# #...+########..###.....#.
##....# #.#...........# #.....#.


There were no monsters in sight!

Vanquished Creatures
  2 orbs of fire (Zot:5)
  A pandemonium lord (Depths:1)
  4 ancient liches
  4 dread liches
  2 juggernauts (Depths:3)
  9 Killer Klowns
  A curse toe (Zot:5)
  10 golden dragons
  5 bone dragons
  A Tzitzimitl (D:10)
  An electric golem (Zot:5)
  A Brimstone Fiend (Zot:4)
  Jorgrun (D:12)
  2 hellephants (Depths:1)
  6 tentacled monstrosities
  An Ice Fiend (D:15)
  A Hell Sentinel (Depths:1)
  2 shard shrike skeletons (Abyss:4)
  Asterion (Elf:1)
  4 quicksilver dragons
  7 titans
  4 liches
  Mlioglotl (Spider:4)
  2 deep elf master archers (Elf:3)
  25 Orb Guardians
  A walking crystal tome (Depths:3)
  4 deep elf blademasters
  A walking divine tome (Depths:3)
  An ancient champion (Crypt:2)
  An Executioner (Abyss:4)
  Frances (Swamp:2)
  6 sphinxes
  2 death cobs
  11 tentacled starspawn (Abyss:4)
  7 shadow dragons
  6 tengu reavers
  Agnes (Spider:4)
  6 storm dragons
  A revenant (Crypt:2)
  5 draconian knights
  2 thorn hunters
  2 draconian monks
  6 deep elf sorcerers
  Donald (Spider:3)
  6 fire giants
  An iron dragon (shapeshifter) (Vaults:5)
  A fenstrider witch (Swamp:1)
  16 vault wardens
  A draconian scorcher (Zot:3)
  A daeva (Abyss:4)
  A balrug (D:10)
  6 iron dragons
  4 orc warlords
  8 frost giants
  6 ghost moths
  5 draconian shifters
  4 emperor scorpions (Spider:4)
  A curse skull (Crypt:2)
  A draconian stormcaller (Zot:1)
  A demonspawn corrupter (D:2)
  3 draconian annihilators
  5 ghouls (Crypt:2)
  14 stone giants
  6 war gargoyles
  5 deep elf elementalists (Elf:3)
  12 ironbound preservers
  3 ironbound thunderhulks
  3 broodmothers
  22 very ugly things
  Azrael (D:14)
  An eleionoma (shapeshifter) (Depths:3)
  2 eleionomae
  A lorocyproca (D:2)
  8 green draconians
  5 vampire knights
  6 black draconians
  7 deep elf annihilators
  A demonspawn black sun (D:2)
  3 bunyips
  7 red draconians
  A purple draconian (Zot:1)
  5 white draconians
  A minotaur (Gauntlet)
  7 deep elf demonologists (Elf:3)
  12 dire elephants
  12 spark wasps
  2 yellow draconians
  An entropy weaver (shapeshifter) (Elf:1)
  An eidolon (Crypt:2)
  Snorg (D:11)
  An entropy weaver (Spider:3)
  6 crystal guardians
  A merfolk impaler (Depths:4)
  6 deep elf death magi
  8 jiangshi
  3 green deaths
  A merfolk javelineer (Depths:4)
  12 ettins
  Josephine (D:10)
  12 yaktaur captains
  4 great orbs of eyes
  7 deep elf high priests
  8 ice dragons
  A shambling mangrove (Swamp:4)
  Erolcha (D:11)
  7 fire dragons
  9 boulder beetles
  2 peacekeepers
  32 vault guards
  A jorogumo (Spider:4)
  An ogre mage (Vaults:5)
  A radroach (Lair:4)
  3 spriggan air magi
  2 ghost crabs
  8 ironbound frosthearts
  24 hydras
  5 death knights
  2 spriggan skeletons
  A catoblepas (Lair:6)
  4 rakshasas
  27 dancing weapons
  4 death yaks
  A death scarab (Depths:4)
  7 alligators
  9 two-headed ogres
  10 deep troll shamans
  6 centaur warriors
  2 tengu warriors
  4 vampire magi
  9 hell hogs (Depths:1)
  6 thrashing horrors (Abyss:4)
  8 deep troll earth magi
  4 spriggan berserkers
  2 orc high priests (Orc:2)
  3 soul eaters
  14 spriggans
  5 sun demons
  Sonja (Orc:1)
  10 hell knights
  9 wretched stars (Abyss:4)
  5 iron trolls
  5 pharaoh ants
  A sixfirhy (Abyss:4)
  28 deep elf knights
  A titan skeleton (Abyss:4)
  4 goliath frogs
  A sea snake (shapeshifter) (D:13)
  3 shadow wraiths
  Amaemon (D:9)
  4 spatial maelstroms (Abyss:4)
  58 deep trolls
  13 skeletal warriors
  A sun moth (Spider:4)
  5 steelbarb worms
  A death drake (Swamp:3)
  A spark wasp zombie (Crypt:1)
  Lodul (D:14)
  7 glowing orange brains
  10 orb spiders
  2 bog bodies
  16 starcursed masses (Abyss:4)
  5 flayed ghosts
  19 wizards
  9 swamp dragons (Swamp:4)
  7 phantasmal warriors
  7 spriggan druids
  18 deep elf archers
  An orange crystal statue (D:8)
  A wolf spider zombie (Crypt:2)
  14 ironbound convokers
  14 harpies
  12 necromancers
  2 golden dragon skeletons (Crypt:3)
  22 deep elf pyromancers
  4 lindwurms
  17 wolf spiders
  3 orc knights
  3 cyclopes
  A shining eye (Abyss:4)
  36 ugly things
  A wolf spider (shapeshifter) (Vaults:5)
  14 moths of wrath
  33 deep elf zephyrmancers
  3 manticores
  3 worldbinders (Abyss:4)
  4 orc sorcerers
  5 will-o-the-wisps
  21 elephants
  2 apocalypse crabs (Abyss:4)
  6 black mambas
  11 vault sentinels
  A fire giant skeleton (Depths:1)
  2 orange demons
  A stone giant skeleton (Depths:1)
  A naga mage (D:15)
  3 centaur skeletons (D:15)
  6 cane toads
  7 smoke demons
  6 torpor snails
  The ghost of Stick the Bolt Thrower, a novice GnWn (D:5)
  An efreet (Abyss:4)
  Maggie (D:7)
  A tormentor (D:1)
  2 unseen horrors (D:10)
  A rime drake (Lair:2)
  7 komodo dragons
  4 freezing wraiths
  21 yaktaurs
  2 storm dragon simulacra (Depths:1)
  3 kobold demonologists (D:13)
  3 hellwings (Abyss:4)
  6 demonic crawlers
  3 tengu conjurers
  13 trolls
  9 ancient zymes (Abyss:4)
  A minotaur skeleton (Crypt:2)
  A queen bee (shapeshifter) (Vaults:5)
  2 meliai
  3 harpy zombies
  A troll (shapeshifter) (D:14)
  A polar bear (Lair:6)
  2 bloated husks
  A silent spectre (Abyss:4)
  A tarantella (shapeshifter) (Abyss:4)
  25 hornets
  A dream sheep (shapeshifter) (Vaults:5)
  13 slime creatures
  28 tarantellas
  An ettin zombie (Crypt:2)
  7 blink frogs
  7 tyrant leeches
  8 raiju (Abyss:4)
  A meliai zombie (D:15)
  A harpy skeleton (Crypt:3)
  32 jumping spiders
  An ettin skeleton (Vaults:5)
  3 air elementals
  32 flying skulls
  8 ynoxinuls (Abyss:4)
  26 large abominations (Abyss:4)
  13 water elementals
  A shadow (D:12)
  17 culicivoras
  3 vampires
  8 wraiths
  4 wyverns
  6 basilisks
  4 fire elementals
  A basilisk (shapeshifter) (D:15)
  40 redbacks
  3 chaos spawn (Abyss:4)
  Grum (D:9)
  36 yaks
  5 golden eyes (Abyss:4)
  17 humans (D:13)
  A human simulacrum (Vaults:5)
  16 vampire mosquitoes
  7 neqoxecs
  10 small abominations (Abyss:4)
  4 wargs
  4 spatial vortices (Abyss:4)
  24 swamp worms
  3 hell hounds
  Pargi (Sewer)
  3 acid dragons
  Duvessa (D:7)
  A floating eye (Abyss:4)
  10 water moccasins
  48 orc warriors
  6 swamp drakes
  5 black bears
  An ice beast (D:7)
  A sky beast (D:8)
  A human zombie (Vaults:5)
  17 wolves
  11 centaurs
  8 ogres
  A phantom (D:4)
  A kobold brigand (D:13)
  6 necrophages (Crypt:3)
  9 bullfrogs
  A glowing shapeshifter simulacrum (Depths:1)
  An elf skeleton (Crypt:2)
  2 scorpions
  8 wights
  Dowan (D:7)
  17 killer bees
  8 howler monkeys
  An electric eel (Spider:1)
  A crimson imp (Abyss:4)
  A quasit (Abyss:4)
  2 hounds
  2 jellies
  26 orc priests
  A gnoll shaman (D:7)
  6 iguanas
  An iron imp (Abyss:4)
  37 orc wizards
  14 adders
  8 gnolls
  3 white imps (Abyss:4)
  An ufetubus (Abyss:4)
  3 dart slugs
  120 orcs
  8 endoplasms
  2 giant cockroaches (D:5)
  8 goblins
  8 hobgoblins
  4 jackals (D:3)
  2 quokkas
  5 ball pythons
  6 bats
  5 frilled lizards
  A goblin zombie (Crypt:2)
  7 kobolds
  An orc skeleton (Crypt:2)
  4 rats
  7 starspawn tentacles (Abyss:4)
2169 creatures vanquished.

Vanquished Creatures (collateral kills)
  A caustic shrike (Depths:3)
  Jory (Vaults:3)
  Nikola (Lair:4)
  Arachne (Spider:4)
  A shard shrike skeleton (Crypt:1)
  2 tentacled monstrosities
  2 titans
  A sphinx (Vaults:4)
  3 tengu reavers
  2 fire giants (Depths:3)
  A ghost moth (Spider:4)
  Aizul (Spider:3)
  A ghoul (Crypt:3)
  4 ironbound preservers
  A quicksilver ooze (Gauntlet)
  2 very ugly things (Vaults:2)
  A stone giant (Depths:3)
  2 vampire knights (Crypt:3)
  A white draconian (Zot:5)
  2 dire elephants (Vaults:1)
  A deep elf death mage (Elf:3)
  A yaktaur captain (Vaults:1)
  3 ettins (Abyss:4)
  A jiangshi (Depths:1)
  A fire dragon (Depths:3)
  A rakshasa (Abyss:4)
  A hell beast (Depths:1)
  A radroach (Spider:4)
  A centaur warrior (Vaults:1)
  3 dancing weapons
  2 ironbound frosthearts (Vaults:3)
  2 vampire magi
  2 tengu warriors (Depths:3)
  2 hell knights (Crypt:3)
  An iron troll (Depths:1)
  2 pharaoh ants
  A spriggan druid (Swamp:4)
  An orb spider (Spider:2)
  A swamp dragon (Swamp:4)
  A steelbarb worm (Spider:3)
  11 deep trolls
  A bog body (Swamp:4)
  An ironbound convoker (Vaults:2)
  5 harpies
  A wizard (Vaults:4)
  8 ugly things
  A will-o-the-wisp (Swamp:4)
  A vault sentinel (Vaults:3)
  A torpor snail (Spider:2)
  A centaur skeleton (D:15)
  A shock serpent skeleton (Crypt:2)
  A tengu conjurer (Depths:3)
  2 yaktaurs
  A meliai (Spider:2)
  A slime creature (Vaults:3)
  A raiju (Abyss:4)
  A jumping spider (Spider:4)
  2 flying skulls (Abyss:4)
  2 fire elementals (Elf:1)
  2 redbacks (Spider:4)
  2 spatial vortices (Abyss:4)
  An orc warrior (Orc:1)
  A large abomination (Abyss:4)
  2 earth elementals (Elf:1)
  A yaktaur skeleton (Crypt:2)
  A killer bee (D:9)
  A spriggan zombie (Crypt:1)
  An orc (Orc:1)
115 creatures vanquished.

Vanquished Creatures (others)
  An eldritch tentacle (Depths:1)
  A very ugly thing (Depths:3)
  A spark wasp (Spider:4)
  A spriggan druid (Swamp:4)
  2 pharaoh ants (Spider:1)
  2 lindwurms (Swamp:4)
  A wolf spider (Spider:1)
  A water elemental (Elf:1)
  2 redbacks (Spider:1)
  A swamp worm (Lair:4)
  514 foxfires
  28 fungi
  69 plants
  15 starspawn tentacles (Abyss:4)
  3 withered plants (Zot:5)
642 creatures vanquished.

Grand Total: 2926 creatures vanquished

Notes
Turn   | Place    | Note
-------+----------+-------------------------------------------
     0 | D:1      | Leszczynek the Djinni Wanderer began the quest for the Orb.
     0 | D:1      | Reached XP level 1. HP: 15/15 MP: 0/0
    63 | D:1      | Found a faded altar of an unknown god.
    71 | D:1      | plz no fedhas
    71 | D:1      | Prayed at the altar of an unknown god.
    71 | D:1      | Became a worshipper of the Shining One
    71 | D:1      | Reached * piety under the Shining One
    72 | D:1      | XD
    72 | D:1      | this is going to be absolutely terrible
   186 | D:1      | Reached XP level 2. HP: 12/22 MP: 0/0
   598 | D:1      | Found Hukh's Distillery.
   668 | D:1      | Reached skill level 1 in Fighting
   741 | D:1      | Reached XP level 3. HP: 27/27 MP: 0/0
   741 | D:1      | Learned a level 1 spell: Foxfire
   804 | D:2      | Found Omnee's Antique Armour Emporium.
   806 | D:2      | >maxwell's patent armor
   911 | D:2      | Reached XP level 4. HP: 20/32 MP: 0/0
  1142 | D:2      | Found Emyar's General Store.
  1274 | D:2      | Found Yxtugh's Weapon Boutique.
  1313 | D:2      | Found Omuefup's Assorted Antiques.
  1322 | D:2      | Bought a bubbling golden potion for 18 gold pieces
  1322 | D:2      | Bought a scroll labelled ZIOPNU YCOMI for 20 gold pieces
  1343 | D:2      | Reached skill level 1 in Long Blades
  1345 | D:2      | Found Anoruruw's General Store.
  1485 | D:3      | +2 helmet of doing nothing
  1524 | D:3      | does foxfire ever miss?
  1564 | D:3      | isn't this spell too good?
  1564 | D:3      | i mean i do have 22 int and 80% power
  1564 | D:3      | but it certainly feels to good
  1564 | D:3      | 2x 1d8 on a level 1 spell?
  1564 | D:3      | i don't even need poisonous vapours for anything
  1764 | D:4      | Reached skill level 2 in Fighting
  1764 | D:4      | Reached XP level 5. HP: 11/38 MP: 0/0
  1764 | D:4      | Learned a level 2 spell: Searing Ray
  1976 | D:4      | Reached skill level 4 in Shields
  2074 | D:4      | Noticed a phantom
  2083 | D:4      | Killed a phantom
  2083 | D:4      | Reached ** piety under the Shining One
  2084 | D:4      | Reached skill level 1 in Dodging
  2084 | D:4      | Reached XP level 6. HP: 40/45 MP: 0/0
  2096 | D:4      | Found a staircase to the Ecumenical Temple.
  2128 | D:4      | Reached skill level 4 in Spellcasting
  2221 | D:4      | Reached skill level 3 in Fighting
  2341 | D:5      | Entered Level 5 of the Dungeon
  2341 | D:5      | Noticed a black bear
  2341 | D:5      | Found a runed translucent door.
  2376 | D:5      | Reached skill level 2 in Dodging
  2399 | D:5      | Noticed a black bear
  2410 | D:5      | Killed a black bear
  2411 | D:5      | Reached skill level 2 in Long Blades
  2411 | D:5      | Reached XP level 7. HP: 42/50 MP: 0/0
  2411 | D:5      | Learned a level 3 spell: Ignite Poison
  2411 | D:5      | oooh
  2456 | D:5      | Found a glowing drain.
  2504 | D:5      | Reached skill level 3 in Dodging
  2680 | D:5      | Reached skill level 4 in Fighting
  2696 | Sewer    | Entered a sewer
  2739 | Sewer    | Noticed Pargi
  2747 | Sewer    | Killed Pargi
  2748 | Sewer    | Reached XP level 8. HP: 24/58 MP: 0/0
  3012 | D:5      | Noticed Stick's ghost (novice GnWn)
  3219 | D:2      | Bought a twisted leather armour for 217 gold pieces
  3219 | D:2      | Identified the +2 leather armour "Pecoism" {Fly} (You
                  | bought it in a shop on level 2 of the Dungeon)
  3219 | D:2      | mhhh
  3231 | D:2      | literally just a basic ring mail with less ER
  3333 | D:6      | Found Tonemaup's General Store.
  3404 | D:6      | Noticed a five-headed hydra
  3405 | D:6      | Reached skill level 5 in Spellcasting
  3405 | D:6      | uhh
  3423 | D:6      | Reached skill level 4 in Dodging
  3431 | D:6      | that's an early hydra
  3515 | D:6      | Reached skill level 5 in Fighting
  3515 | D:6      | Reached skill level 3 in Long Blades
  3849 | D:7      | Noticed Maggie
  3863 | D:7      | Killed Maggie
  3864 | D:7      | Reached XP level 9. HP: 51/66 MP: 0/0
  3864 | D:7      | Learned a level 4 spell: Animate Armour
  3934 | D:7      | Reached skill level 4 in Long Blades
  3965 | D:7      | Reached skill level 6 in Fighting
  4071 | D:7      | Reached skill level 5 in Dodging
  4468 | D:7      | Noticed Dowan
  4473 | D:7      | Killed Dowan
  4480 | D:7      | Noticed Duvessa
  4484 | D:7      | Killed Duvessa
  4485 | D:7      | Reached skill level 5 in Long Blades
  4501 | D:7      | Identified the +9 short sword of Domination {distort, MP+9
                  | Int+2 Dex+4 Stlth+}
  4502 | D:7      | ha ha
  4502 | D:7      | i'm going to banish myself on the first unwield, won't it
  4502 | D:7      | *won't I
  4502 | D:7      | oh well
  4523 | D:7      | Reached skill level 6 in Spellcasting
  4538 | D:7      | Reached skill level 3 in Armour
  4646 | D:8      | Reached *** piety under the Shining One
  4668 | D:8      | Reached skill level 1 in Short Blades
  4876 | D:8      | Reached XP level 10. HP: 68/73 MP: 0/0
  4909 | D:8      | Noticed an orange crystal statue
  5143 | D:8      | Reached skill level 2 in Evocations
  5314 | D:9      | Noticed Amaemon
  5314 | D:9      | Noticed an orange demon
  5315 | D:9      | uh
  5376 | D:9      | Noticed a two-headed ogre
  5379 | D:9      | Killed a two-headed ogre
  5380 | D:9      | Reached skill level 7 in Fighting
  5380 | D:9      | Reached skill level 2 in Short Blades
  5380 | D:9      | Reached skill level 7 in Spellcasting
  5383 | D:9      | Reached skill level 3 in Evocations
  5384 | D:9      | wait, this kills a two headed ogre in one combo?
  5384 | D:9      | i never knew it's this strong
  5384 | D:9      | (ignite poison)
  5573 | D:9      | wait, it will kill this combo in two hits?
  5573 | D:9      | *this combo will kill this guy
  5575 | D:9      | Killed Amaemon
  5576 | D:9      | Reached skill level 1 in Invocations
  5576 | D:9      | yep
  5576 | D:9      | absurd
  5583 | D:9      | Killed an orange demon
  5593 | D:9      | it's nice to have 75 mp though
  5593 | D:9      | for once
  5810 | D:9      | Noticed a two-headed ogre
  5815 | D:9      | Killed a two-headed ogre
  5816 | D:9      | Reached skill level 2 in Invocations
  5816 | D:9      | Reached skill level 4 in Evocations
  5818 | D:9      | Reached XP level 11. HP: 63/79 MP: 0/0
  5818 | D:9      | Learned a level 5 spell: Fireball
  5818 | D:9      | what a nice change from my last game
  5818 | D:9      | i get actually useful spells
  5852 | D:9      | Reached skill level 8 in Spellcasting
  5852 | D:9      | Reached skill level 3 in Invocations
  6112 | D:9      | Found a staircase to the Lair.
  6121 | D:9      | Noticed Grum
  6124 | D:9      | Killed Grum
  6164 | D:9      | Reached skill level 8 in Fighting
  6171 | D:9      | Reached skill level 4 in Invocations
  6321 | D:10     | Entered Level 10 of the Dungeon
  6322 | D:10     | how good is OTR + Ignite Poison?
  6322 | D:10     | jesus
  6322 | D:10     | why is a level 3 spell killing everything it at most 4
                  | turns
  6322 | D:10     | guaranteed hits too
  6324 | D:10     | Reached **** piety under the Shining One
  6441 | D:10     | Found a staircase to the Orcish Mines.
  6541 | D:10     | Noticed Josephine
  6613 | D:10     | Killed Josephine
  6614 | D:10     | Reached skill level 9 in Spellcasting
  6614 | D:10     | ONE SHOT
  6641 | D:10     | Reached skill level 5 in Invocations
  7026 | D:10     | Found a runed translucent gate.
  7026 | D:10     | Found a runed translucent gate.
  7028 | D:10     | Found a runed translucent gate.
  7051 | D:10     | Reached skill level 9 in Fighting
  7051 | D:10     | Reached XP level 12. HP: 86/89 MP: 0/0
  7053 | D:10     | Noticed Ajdolov's ghost (journeyman BaIE)
  7059 | D:10     | Found a viscous altar of Jiyva.
  7148 | D:11     | Noticed Erolcha
  7148 | D:11     | Found a bloodstained altar of Trog.
  7170 | D:11     | Noticed initializr's ghost (journeyman SpEn)
  7173 | D:11     | Found a runed translucent door.
  7232 | D:11     | Noticed a two-headed ogre
  7236 | D:11     | Killed a two-headed ogre
  7313 | D:11     | Reached skill level 6 in Invocations
  7656 | D:11     | Killed Erolcha
  7747 | D:11     | Noticed Snorg
  7755 | D:11     | Killed Snorg
  7756 | D:11     | Reached skill level 3 in Short Blades
  7756 | D:11     | Reached skill level 10 in Spellcasting
  7897 | Lair:1   | Entered Level 1 of the Lair of Beasts
  8251 | Lair:2   | Reached ***** piety under the Shining One
  8258 | Lair:2   | Reached skill level 6 in Dodging
  8318 | Lair:2   | Found a gate leading to a gauntlet.
  8337 | Gauntlet | Entered a Gauntlet
  8337 | Gauntlet | Found a transporter.
  8337 | Gauntlet | Found a transporter.
  8337 | Gauntlet | Found a transporter.
  8338 | Gauntlet | Found a transporter.
  8341 | Gauntlet | Found a transporter.
  8353 | Gauntlet | Noticed a quicksilver ooze
  8384 | Gauntlet | Found a transporter.
  8386 | Gauntlet | Noticed a dire elephant
  8410 | Gauntlet | Found a transporter.
  8411 | Gauntlet | Found the +10 dark maul {vorpal}
  8420 | Gauntlet | Found a transporter.
  8422 | Gauntlet | Found a large runed translucent door.
  8423 | Gauntlet | Found a large runed translucent door.
  8424 | Gauntlet | Found a large runed translucent door.
  8424 | Gauntlet | Found a large runed translucent door.
  8424 | Gauntlet | Found a large runed translucent door.
  8425 | Gauntlet | Found a runed translucent door.
  8426 | Gauntlet | Found a transporter.
  8427 | Gauntlet | Found a runed translucent door.
  8428 | Gauntlet | Found a large runed translucent door.
  8428 | Gauntlet | Found a large runed translucent door.
  8428 | Gauntlet | Found a large runed translucent door.
  8429 | Gauntlet | Found a large runed translucent door.
  8434 | Gauntlet | Found a large runed translucent door.
  8434 | Gauntlet | Found a transporter.
  8434 | Gauntlet | Found a large runed translucent door.
  8435 | Gauntlet | Found a large runed translucent door.
  8435 | Gauntlet | Found a large runed translucent door.
  8435 | Gauntlet | Found a large runed translucent door.
  8438 | Gauntlet | Found a runed translucent gate.
  8438 | Gauntlet | Found a runed translucent gate.
  8439 | Gauntlet | Found a runed translucent gate.
  8440 | Gauntlet | Found a transporter.
  8484 | Gauntlet | Found a transporter.
  8501 | Gauntlet | Found a large runed translucent door.
  8504 | Gauntlet | Found a large runed translucent door.
  8558 | Gauntlet | maaaaan
  8558 | Gauntlet | i want to get that upper path
  8558 | Gauntlet | but maaaaaan
  8603 | Gauntlet | Killed a quicksilver ooze
  8604 | Gauntlet | Reached XP level 13. HP: 78/96 MP: 0/0
  8604 | Gauntlet | Learned a level 5 spell: Lightning Bolt
  8604 | Gauntlet | phew, ok
  8640 | Gauntlet | Identified the amulet "Kotets" {Reflect +Blink rF- rC++
                  | Dex+2 SH+5}
  8714 | Gauntlet | Reached skill level 10 in Fighting
  8714 | Gauntlet | Reached skill level 4 in Short Blades
  8714 | Gauntlet | Reached skill level 7 in Invocations
  8735 | Gauntlet | Killed a dire elephant
  8740 | Gauntlet | Identified the +2 helmet of the Invisible Hand {rC+ Str+3}
  8772 | Gauntlet | Noticed a minotaur
  8782 | Gauntlet | Killed a minotaur
  8800 | Gauntlet | Identified the +2 ring mail "Ygioggiq" {-Tele rPois Int+2
                  | Dex+6}
  8885 | Lair:2   | Noticed a six-headed hydra
  8890 | Lair:2   | Killed a six-headed hydra
  8973 | Lair:3   | Reached skill level 7 in Dodging
  8979 | Lair:3   | Reached skill level 11 in Spellcasting
  9008 | Lair:3   | Identified the +1 robe of a sewer {Dex+6}
  9063 | Lair:3   | Reached skill level 5 in Short Blades
  9165 | Lair:3   | Reached skill level 8 in Invocations
  9273 | Lair:4   | Noticed a seven-headed hydra
  9276 | Lair:4   | Killed a seven-headed hydra
  9293 | Lair:4   | here goes, 19 ev 23 sh doing nothing
  9293 | Lair:4   | go go
  9298 | Lair:4   | HP: 18/96 [elephant (15)]
  9402 | Lair:4   | Noticed an eight-headed hydra
  9402 | Lair:4   | Found a staircase to the Swamp.
  9407 | Lair:4   | Killed an eight-headed hydra
  9408 | Lair:4   | Reached skill level 8 in Dodging
  9562 | Lair:4   | Reached XP level 14. HP: 87/103 MP: 0/0
  9825 | Lair:5   | Reached skill level 6 in Short Blades
  9972 | Lair:5   | Reached skill level 5 in Evocations
 10169 | Lair:6   | Entered Level 6 of the Lair of Beasts
 10546 | Lair:6   | Reached skill level 9 in Invocations
 10570 | Lair:6   | Reached skill level 7 in Short Blades
 10570 | Lair:6   | Reached skill level 12 in Spellcasting
 10616 | Lair:6   | Reached skill level 9 in Dodging
 10642 | Lair:6   | Identified the +7 glaive "Duntoach" {vorpal, *Corrode
                  | +Blink rPois Stlth-}
 10701 | Lair:6   | Found an opulent altar of Gozag.
 10749 | Lair:6   | Identified the +6 halberd "Beetleslayer" {vorpal, rElec
                  | MP+9 Dex+3}
 10936 | Orc:1    | Entered Level 1 of the Orcish Mines
 10964 | Orc:1    | Found Reigh's Armour Shoppe.
 11015 | Orc:2    | Entered Level 2 of the Orcish Mines
 11228 | Orc:2    | Found a staircase to the Elven Halls.
 11267 | Orc:2    | Found Ynunol's Distillery.
 11316 | Orc:2    | Reached skill level 6 in Evocations
 11427 | Orc:1    | Noticed Sonja
 11442 | Orc:1    | Reached XP level 15. HP: 105/109 MP: 0/0
 11442 | Orc:1    | Learned a level 6 spell: Iron Shot
 11442 | Orc:1    | man
 11442 | Orc:1    | these spells
 11442 | Orc:1    | iron shot can win me 3 runes
 11463 | Orc:1    | Killed Sonja
 11571 | Orc:2    | Noticed an orc warlord
 11586 | Orc:2    | Reached skill level 11 in Fighting
 11590 | Orc:2    | Killed an orc warlord
 11591 | Orc:2    | Reached skill level 8 in Short Blades
 11631 | Orc:2    | Found Meib's Antique Armour Boutique.
 11634 | Orc:2    | Found Vogoodilim's Antique Weapon Shop.
 11707 | Orc:2    | Reached ****** piety under the Shining One
 11721 | Orc:2    | Found Ceru's Antique Weapon Shop.
 11775 | Orc:1    | Noticed an orc warlord
 11792 | Orc:1    | Killed an orc warlord
 11962 | Orc:1    | Noticed an orc warlord
 11986 | Orc:1    | Killed an orc warlord
 12255 | Orc:2    | Bought a potion of cancellation for 96 gold pieces
 12255 | Orc:2    | Bought a potion of haste for 120 gold pieces
 12255 | Orc:2    | Bought a potion of curing for 36 gold pieces
 12255 | Orc:2    | Bought a potion of heal wounds for 60 gold pieces
 12255 | Orc:2    | Bought a potion of mutation for 96 gold pieces
 12255 | Orc:2    | Bought a potion of mutation for 96 gold pieces
 12394 | D:5      | Killed Stick's ghost
 12509 | D:2      | Bought a scroll of teleportation for 42 gold pieces
 12509 | D:2      | Bought a scroll of fog for 28 gold pieces
 12509 | D:2      | Bought a potion of curing for 42 gold pieces
 12536 | D:2      | Bought a scroll of teleportation for 30 gold pieces
 12536 | D:2      | Bought a potion of resistance for 100 gold pieces
 12578 | D:1      | Bought a potion of resistance for 130 gold pieces
 12578 | D:1      | Bought a potion of brilliance for 52 gold pieces
 12578 | D:1      | Bought a potion of heal wounds for 65 gold pieces
 12578 | D:1      | Bought a potion of haste for 130 gold pieces
 12639 | D:2      | Bought a scroll of teleportation for 60 gold pieces
 12737 | D:6      | Bought a scroll of magic mapping for 38 gold pieces
 12737 | D:6      | Bought a potion of curing for 33 gold pieces
 13367 | D:12     | Noticed Jorgrun
 13371 | D:12     | Killed Jorgrun
 13372 | D:12     | Reached skill level 7 in Evocations
 13372 | D:12     | jorgrun down in two ignite poisons
 13372 | D:12     | lol
 13546 | D:12     | Reached skill level 13 in Spellcasting
 13763 | D:13     | Reached skill level 9 in Short Blades
 13823 | D:13     | You are sucked into a shaft and drop 1 floor!
 13840 | D:15     | Entered Level 15 of the Dungeon
 14084 | D:14     | Noticed Azrael
 14092 | D:14     | Killed Azrael
 14134 | D:14     | Identified Roxanne's Volume of Changing
 14134 | D:14     | Noticed Roxanne
 14153 | D:14     | Noticed Lodul
 14167 | D:14     | Killed Lodul
 14168 | D:14     | one?
 14173 | D:14     | Reached XP level 16. HP: 107/118 MP: 0/0
 14273 | D:14     | Reached skill level 8 in Evocations
 14321 | D:14     | Reached skill level 12 in Fighting
 14382 | D:14     | isn't this too much?
 14709 | D:13     | Found a sparkling altar of Nemelex Xobeh.
 14709 | D:13     | Found a transporter.
 14710 | D:13     | Found a transporter.
 14710 | D:13     | Found a transporter.
 14711 | D:13     | Found a transporter.
 14711 | D:13     | Found a transporter.
 14711 | D:13     | Noticed a juggernaut
 14714 | D:13     | Found a transporter.
 14717 | D:13     | suuuuure
 14717 | D:13     | definitely going in there
 14720 | D:13     | i mean if i can survive 6 turns, he's dead, probably :d
 14837 | D:13     | Found a gate to the Vaults.
 15054 | D:15     | Reached skill level 6 in Long Blades
 15169 | D:15     | Found a staircase to the Depths.
 15513 | D:15     | Reached skill level 14 in Spellcasting
 15515 | D:15     | Reached skill level 9 in Evocations
 15581 | D:15     | well this was really easy!
 15581 | D:15     | time to die then
 15770 | Lair:4   | Found a hole to the Spider Nest.
 15777 | Spider:1 | Entered Level 1 of the Spider Nest
 15842 | Lair:4   | ah, resistant to fire
 15843 | Lair:4   | oh well, iron shit will have to do
 15843 | Lair:4   | :d
 15853 | Spider:1 | Noticed Rupert
 15916 | Lair:4   | how do i not die from rupert?
 15962 | Swamp:1  | Entered Level 1 of the Swamp
 15967 | Swamp:1  | Reached XP level 17. HP: 105/125 MP: 0/0
 15967 | Swamp:1  | Learned a level 7 spell: Storm Form
 15967 | Swamp:1  | storm form lol
 15967 | Swamp:1  | well, i'm probably not going to invest into it
 16094 | Swamp:1  | i find it funny that this is not any slower than my usual
                  | caster games
 16098 | Swamp:1  | Noticed a thorn hunter
 16104 | Swamp:1  | Killed a thorn hunter
 16105 | Swamp:1  | Reached skill level 7 in Long Blades
 16152 | Swamp:1  | Reached skill level 10 in Dodging
 16403 | Swamp:2  | Noticed Frances
 16407 | Swamp:2  | Killed Frances
 16408 | Swamp:2  | aaand down in 4 turns
 16582 | Swamp:2  | Reached skill level 8 in Long Blades
 16882 | Swamp:3  | ohh
 16882 | Swamp:3  | didn't know that
 16882 | Swamp:3  | disto activates on weapon unmelding after transformation
                  | ends
 16882 | Swamp:3  | could've been a nice abyss trip
 16908 | Swamp:3  | Reached skill level 13 in Fighting
 16954 | Swamp:3  | Identified the +1 leather armour of Hedging {Int+3}
 16985 | Swamp:4  | Entered Level 4 of the Swamp
 16995 | Swamp:4  | Reached skill level 10 in Evocations
 17072 | Swamp:4  | Reached skill level 9 in Long Blades
 17197 | Swamp:4  | Noticed a thorn hunter
 17198 | Swamp:4  | gotta love bullshit like this
 17204 | Swamp:4  | Killed a thorn hunter
 17205 | Swamp:4  | Reached XP level 18. HP: 48/132 MP: 0/0
 17308 | Swamp:4  | Reached skill level 15 in Spellcasting
 17750 | Swamp:4  | Got a decaying rune of Zot
 17963 | Spider:1 | Reached skill level 10 in Long Blades
 18027 | Spider:1 | Noticed Nikola
 18165 | Lair:4   | oh, nikola
 18165 | Lair:4   | how fun
 18409 | Vaults:1 | Entered Level 1 of the Vaults
 18505 | Vaults:1 | Found Ixyrus's Magic Scroll Emporium.
 18515 | Vaults:1 | Bought a scroll of magic mapping for 42 gold pieces
 18515 | Vaults:1 | Bought a scroll of fog for 24 gold pieces
 18515 | Vaults:1 | Bought a scroll of summoning for 114 gold pieces
 18515 | Vaults:1 | Bought a scroll of teleportation for 36 gold pieces
 18736 | Vaults:1 | Reached skill level 11 in Evocations
 18917 | Vaults:2 | Reached XP level 19. HP: 117/139 MP: 0/0
 18917 | Vaults:2 | Learned a level 7 spell: Summon Hydra
 18968 | Vaults:2 | Found a flickering gateway to a bazaar.
 18977 | Bazaar   | Entered a bazaar
 18981 | Bazaar   | Found Watageed's Book Boutique.
 18999 | Bazaar   | Found Xeroazud's Antique Armour Emporium.
 19017 | Bazaar   | Found Leralori's Distillery.
 19034 | Bazaar   | Found Veef's Antique Weapon Shoppe.
 19063 | Bazaar   | Bought a potion of curing for 27 gold pieces
 19063 | Bazaar   | Bought a potion of curing for 27 gold pieces
 19063 | Bazaar   | Bought a potion of curing for 27 gold pieces
 19063 | Bazaar   | Bought a potion of haste for 90 gold pieces
 19102 | Bazaar   | great bazaar lol
 19111 | Vaults:2 | You are sucked into a shaft and drop 2 floors!
 19112 | Vaults:4 | wait, there's a bazaar here too?
 19113 | Vaults:4 | wtf
 19113 | Vaults:4 | also please no more shafts
 19147 | Vaults:4 | Found a flickering gateway to a bazaar.
 19161 | Vaults:4 | Found Otomofa's Weapon Boutique.
 19171 | Vaults:4 | Reached skill level 11 in Long Blades
 19225 | Bazaar   | Entered a bazaar
 19225 | Bazaar   | Found Firercheal's Armour Boutique.
 19225 | Bazaar   | Found Umeynoymi's Armour Shop.
 19225 | Bazaar   | Found Upuuqugh's Weapon Shop.
 19235 | Bazaar   | absolutely unreal
 19235 | Bazaar   | two bazaars
 19235 | Bazaar   | and both are terrible
 19235 | Bazaar   | this one's even worse, at least I got 3 !curing in the
                  | previous one
 19294 | Vaults:4 | Identified the +0 ring mail of the Realm of Zot {Harm rPois
                  | Slay+5 Stlth-}
 19295 | Vaults:4 | uh huh
 19307 | Vaults:3 | Reached skill level 14 in Fighting
 19339 | Vaults:3 | Found Onosy's General Store.
 19347 | Vaults:3 | Bought a potion of heal wounds for 90 gold pieces
 19478 | Vaults:2 | and desolation's gone
 19478 | Vaults:2 | thanks shaft
 19478 | Vaults:2 | very fun
 19478 | Vaults:2 | and nice
 19657 | Vaults:3 | Found Icyin's Book Emporium.
 19667 | Vaults:3 | Found Nikhlusah's Book Emporium.
 19673 | Vaults:3 | oh boy ANOTHER book sho
 19673 | Vaults:3 | shop
 19673 | Vaults:3 | and no manuals
 19757 | Vaults:3 | Noticed Jory
 19768 | Vaults:3 | Killed Jory
 19770 | Vaults:3 | Reached skill level 16 in Spellcasting
 19896 | Vaults:3 | Reached skill level 10 in Invocations
 20095 | Vaults:3 | Reached skill level 12 in Long Blades
 20712 | Vaults:4 | Reached XP level 20. HP: 130/148 MP: 0/0
 21045 | Vaults:4 | Identified the +2 spear of the Absolute Madman {drain,
                  | Contam rCorr SInv Stlth+}
 21422 | Vaults:4 | Reached skill level 15 in Fighting
 21585 | Vaults:4 | Identified the +1 pair of gloves of Hangman {rC++ MP+9
                  | Dex+4}
 21765 | Vaults:2 | Reached skill level 17 in Spellcasting
 22040 | Vaults:2 | Found a staircase to the Crypt.
 22369 | Vaults:1 | Reached skill level 4 in Armour
 22885 | Lair:4   | Killed Nikola
 22886 | Lair:4   | Reached XP level 21. HP: 138/156 MP: 0/0
 22886 | Lair:4   | Learned a level 8 spell: Ignition
 23189 | Spider:2 | Reached skill level 5 in Armour
 23203 | Spider:2 | ow
 23596 | Spider:3 | Reached skill level 11 in Dodging
 23908 | Spider:3 | Noticed Aizul
 23913 | Spider:3 | Noticed Donald
 23915 | Spider:3 | Killed Aizul
 23918 | Spider:3 | Killed Donald
 23945 | Spider:3 | Reached skill level 11 in Invocations
 24038 | Spider:4 | Entered Level 4 of the Spider Nest
 24040 | Spider:4 | Noticed Agnes
 24102 | Spider:4 | Noticed Mlioglotl
 24110 | Spider:4 | Killed Mlioglotl
 24131 | Spider:4 | Reached skill level 6 in Armour
 24211 | Spider:4 | Noticed Arachne
 24213 | Spider:4 | Killed Agnes
 24227 | Spider:4 | Reached skill level 16 in Fighting
 24237 | Spider:4 | Killed Arachne
 24486 | Spider:4 | Reached skill level 18 in Spellcasting
 24627 | Spider:4 | Got a gossamer rune of Zot
 24928 | Elf:1    | Entered Level 1 of the Elven Halls
 24930 | Elf:1    | Reached XP level 22. HP: 159/164 MP: 0/0
 24943 | Elf:1    | Noticed Asterion
 24949 | Elf:1    | Killed Asterion
 24950 | Elf:1    | Reached skill level 12 in Dodging
 25247 | Elf:1    | Paralysed by an air elemental for 1 turns
 25791 | Elf:1    | Found a runed translucent gate.
 25791 | Elf:1    | Found a runed translucent gate.
 25791 | Elf:1    | Found a runed translucent gate.
 25791 | Elf:1    | Noticed Enfaeutchie's ghost (adept SpEn)
 25791 | Elf:1    | Noticed Erips's ghost (adept TrFi)
 25791 | Elf:1    | Noticed Erips's ghost (adept TrFi)
 25791 | Elf:1    | Noticed Waskuitz's ghost (adept DrCj)
 25966 | Elf:2    | Found a runed translucent gate.
 25966 | Elf:2    | Found a runed translucent gate.
 25966 | Elf:2    | Found a runed translucent gate.
 26389 | Elf:2    | Reached skill level 17 in Fighting
 26402 | Elf:2    | bardiche and exec axe
 26402 | Elf:2    | oh well
 26476 | Elf:3    | Entered Level 3 of the Elven Halls
 26486 | Elf:3    | Reached skill level 19 in Spellcasting
 27018 | Elf:3    | Reached XP level 23. HP: 169/173 MP: 0/0
 27018 | Elf:3    | Learned a level 7 spell: Dragon Form
 27018 | Elf:3    | >>>
 27018 | Elf:3    | maaan
 27025 | Elf:3    | Identified the ring "Cuapros" {rPois rF+ Str+3 SInv}
 27076 | Elf:3    | Paralysed by an air elemental for 1 turns
 27157 | Elf:3    | Identified the amulet "Coenn" {Spirit rElec rCorr Str-3}
 27249 | Elf:3    | Identified the +5 great sword of the Sage {venom, rElec
                  | rCorr}
 27272 | Elf:3    | Identified the +7 short sword "Teluno Yham" {freeze, rElec
                  | Int+2}
 27291 | Elf:3    | lol ignition
 27462 | Elf:3    | absolutely nothing of interest
 27766 | Depths:1 | Entered Level 1 of the Depths
 27779 | Depths:1 | tso blesses non-angel summons too?
 27779 | Depths:1 | huh
 27813 | Depths:1 | Reached skill level 1 in Unarmed Combat
 27816 | Depths:1 | Reached skill level 18 in Fighting
 27818 | Depths:1 | oh right, i have so little willpower a necromancer can
                  | agony me XD
 27882 | Depths:1 | Reached skill level 2 in Unarmed Combat
 27999 | Depths:1 | Found a gateway to Hell.
 28003 | Depths:1 | Reached skill level 3 in Unarmed Combat
 28015 | Depths:1 | HP: 42/262 [hellephant (12)]
 28021 | Depths:1 | Reached skill level 4 in Unarmed Combat
 28021 | Depths:1 | Reached skill level 20 in Spellcasting
 28141 | Depths:1 | Found Yhuppa's Gadget Gallery.
 28178 | Depths:1 | Reached skill level 5 in Unarmed Combat
 28286 | Depths:1 | Found a one-way gate to the infinite horrors of the Abyss.
 28417 | Depths:2 | Reached skill level 6 in Unarmed Combat
 28684 | Depths:2 | Reached XP level 24. HP: 150/182 MP: 0/0
 28911 | Depths:2 | Found a glowing silver altar of Zin.
 29410 | Depths:3 | Identified a scroll of acquirement
 29410 | Depths:3 | Acquired a ring of protection from fire
 29583 | Depths:3 | Reached skill level 12 in Invocations
 29710 | Depths:3 | You are sucked into a shaft and drop 1 floor!
 29710 | Depths:4 | Entered Level 4 of the Depths
 29710 | Depths:4 | Found a one-way gateway to a ziggurat.
 29907 | Depths:3 | Noticed a golden dragon
 29910 | Depths:3 | Noticed a juggernaut
 29910 | Depths:3 | oooh
 29913 | Depths:3 | Killed a golden dragon
 29916 | Depths:3 | Killed a juggernaut
 30055 | Depths:3 | HP: 32/183 [constriction (5)]
 30267 | Depths:3 | Noticed a juggernaut
 30274 | Depths:3 | Killed a juggernaut
 30372 | Depths:3 | Noticed a golden dragon
 30376 | Depths:3 | Killed a golden dragon
 30510 | Depths:3 | Noticed a dread lich
 30548 | Depths:3 | Killed a dread lich
 30549 | Depths:3 | Reached skill level 19 in Fighting
 30757 | Depths:3 | Reached skill level 13 in Dodging
 30764 | Depths:3 | Noticed a caustic shrike
 30788 | Depths:3 | Killed a caustic shrike
 30971 | Depths:3 | Reached XP level 25. HP: 123/191 MP: 0/0
 30971 | Depths:3 | Learned a level 9 spell: Shatter
 31069 | Depths:3 | Reached skill level 13 in Invocations
 31315 | Depths:3 | well this is not very interesting
 31399 | Depths:4 | Reached skill level 7 in Armour
 31468 | Depths:4 | Found a gate to the Realm of Zot.
 31574 | Depths:4 | man, that lack of relec hurts
 31953 | Elf:3    | not a fan of doing this but it seems the most plausible
 31953 | Elf:3    | more than wearing storm scales
 31955 | Elf:3    | Cast into level 4 of the Abyss (unwielding a weapon of
                  | distortion)
 31956 | Abyss:4  | :)
 31956 | Abyss:4  | that's why i wasn't a fan
 32066 | Abyss:4  | Found a hazy altar of Hepliaklqana.
 32278 | Abyss:4  | getting sick would be a disaster
 32415 | Abyss:4  | Found a viscous altar of Jiyva.
 32895 | Abyss:4  | Gained mutation: You are frail. (-10% HP) [a neqoxec]
 32896 | Abyss:4  | GREAT
 32898 | Abyss:4  | on fucking sight
 33057 | Abyss:4  | 1100 turns, no rune in sight
 33151 | Abyss:4  | found it
 33151 | Abyss:4  | with a silent spectre in it
 33151 | Abyss:4  | lol
 33219 | Abyss:4  | ah
 33277 | Abyss:4  | daeva?
 33277 | Abyss:4  | there's a daeva inside this vault?
 33332 | Abyss:4  | Reached skill level 8 in Shields
 33332 | Abyss:4  | Reached XP level 26. HP: 124/177 MP: 0/0
 33332 | Abyss:4  | Reached XP level 27. HP: 127/182 MP: 0/0
 33332 | Abyss:4  | Learned a level 9 spell: Polar Vortex
 33332 | Abyss:4  | Got an abyssal rune of Zot
 33459 | Abyss:4  | it so guides me out that i only find stairs deeper
 33459 | Abyss:4  | :)
 33586 | Abyss:4  | leading down
 33586 | Abyss:4  | (5th)
 33741 | Abyss:4  | 6th
 33769 | Elf:3    | Escaped the Abyss
 33770 | Elf:3    | and the seventh is what we were looking for
 33770 | Elf:3    | no wiz rings in the game btw
 33770 | Elf:3    | well, no regen amulet either, for that matter
 34572 | Depths:4 | Reached skill level 21 in Spellcasting
 35178 | Crypt:1  | Entered Level 1 of the Crypt
 35468 | Crypt:2  | Found a basalt altar of Yredelemnul.
 35826 | Crypt:3  | Entered Level 3 of the Crypt
 36225 | Crypt:3  | Reached skill level 22 in Spellcasting
 36259 | Crypt:3  | Identified a +6 eudemon blade of holy wrath {god gift} (a
                  | +4 demon blade of flaming blessed by the Shining One)
 36259 | Crypt:3  | Received a gift from the Shining One
 36337 | Crypt:3  | Noticed an ancient lich
 36346 | Crypt:3  | Killed an ancient lich
 36367 | Crypt:3  | Found a basalt altar of Yredelemnul.
 36373 | Crypt:3  | Found the +12 glaive of Prune {vorpal}
 36577 | Crypt:3  | Found a staircase to the Tomb.
 36806 | Vaults:5 | Entered Level 5 of the Vaults
 36826 | Vaults:5 | HP: 29/182 [iron dragon/spray of metal splinters (15)]
 36832 | Vaults:5 | HP: 6/182 [tengu reaver/bolt of acid (48)]
 36847 | Vaults:5 | HP: 33/182 [tengu reaver/bolt of lightning (14)]
 36854 | Vaults:5 | HP: 34/182 [tengu reaver/bolt of acid (41)]
 36857 | Vaults:5 | Noticed an ancient lich
 36863 | Vaults:5 | HP: 31/182 [tengu reaver/bolt of fire (10)]
 37204 | Vaults:5 | Reached skill level 23 in Spellcasting
 37604 | Vaults:5 | Identified the +6 chain mail "Bouvonycaj" {rC+ Str+4
                  | Stlth-}
 37626 | Vaults:5 | Noticed a dread lich
 37631 | Vaults:5 | Killed a dread lich
 37826 | Vaults:5 | Got a silver rune of Zot
 37965 | Vaults:5 | Reached skill level 20 in Fighting
 38004 | Vaults:5 | Killed an ancient lich
 38644 | Zot:1    | Entered Level 1 of the Realm of Zot
 38933 | Zot:2    | Reached skill level 24 in Spellcasting
 39014 | Zot:3    | Noticed a Killer Klown
 39021 | Zot:2    | Killed a Killer Klown
 39168 | Zot:5    | Entered Level 5 of the Realm of Zot
 39246 | Zot:5    | Found a runed translucent gate.
 39246 | Zot:5    | Found a runed translucent gate.
 39246 | Zot:5    | Found a runed translucent gate.
 39279 | Zot:5    | Noticed a Killer Klown
 39283 | Zot:5    | Killed a Killer Klown
 39284 | Zot:5    | Reached skill level 14 in Dodging
 39333 | Zot:5    | Noticed Zophe's ghost (legendary DrCj)
 39333 | Zot:5    | Noticed p0werm0de's ghost (adept BaFi)
 39333 | Zot:5    | Noticed Aelig's ghost (legendary KoBr)
 39432 | Zot:5    | zot or mark
 39432 | Zot:5    | grrrrrrrrreat
 39448 | Zot:5    | Reached skill level 21 in Fighting
 39480 | Zot:5    | Noticed an ancient lich
 39489 | Zot:5    | Killed an ancient lich
 39489 | Zot:5    | Noticed an ancient lich
 39491 | Zot:5    | Noticed an orb of fire
 39524 | Zot:5    | Gained mutation: You do not regenerate when monsters are
                  | visible. [an orb of fire]
 39527 | Zot:5    | Killed an orb of fire
 39528 | Zot:5    | Killed an ancient lich
 39533 | Zot:5    | ok, this hurts considerably
 39533 | Zot:5    | and it's just one
 39549 | Zot:5    | i should consider drinking !res
 39693 | Zot:5    | -regen?
 39693 | Zot:5    | ohhhhhh
 39704 | Zot:5    | this is pretty bad
 39822 | Zot:5    | Noticed a Killer Klown
 39822 | Zot:5    | Noticed a dread lich
 39838 | Zot:5    | Killed a Killer Klown
 39951 | Zot:5    | Noticed a Killer Klown
 39969 | Zot:5    | Killed a Killer Klown
 40008 | Zot:5    | Killed a dread lich
 40009 | Zot:5    | Reached skill level 15 in Dodging
 40098 | Zot:5    | Noticed a Killer Klown
 40099 | Zot:5    | Noticed an orb of fire
 40122 | Zot:5    | Killed a Killer Klown
 40153 | Zot:5    | Killed an orb of fire
 40154 | Zot:5    | Reached skill level 22 in Fighting
 40161 | Zot:5    | Noticed a Killer Klown
 40165 | Zot:5    | Killed a Killer Klown
 40247 | Zot:5    | Noticed a Killer Klown
 40247 | Zot:5    | Noticed a Killer Klown
 40261 | Zot:5    | Killed a Killer Klown
 40264 | Zot:5    | Killed a Killer Klown
 40751 | Zot:5    | Noticed a Killer Klown
 40755 | Zot:5    | -3 to all stats? really?
 40762 | Zot:5    | Killed a Killer Klown
 40849 | Zot:5    | Noticed a dread lich
 40861 | Zot:5    | Killed a dread lich
 40862 | Zot:5    | Reached skill level 16 in Dodging
 40932 | Zot:5    | Got the Orb of Zot
 41199 | Depths:1 | Noticed Dunlozol the pandemonium lord
 41210 | Depths:1 | Killed Dunlozol the pandemonium lord
 41328 | D:12     | Noticed Gasaesum the pandemonium lord
 41618 | D:1      | only regained 5 out of 9 lost with that one fucking pie
 41618 | D:1      | even though i killed a few top tier extended threats,
                  | including one pan lord
 41618 | D:1      | one fucking pie
 41618 | D:1      | unreal
 41619 | D:$      | Escaped with the Orb!

Illustrated notes ## ## ... ... ..#########.. ......# .###.PP.#.PP.### ........#P.P....#....... .......##P......#.....PP ......#......PP.#..P.... ......#...)..PP.@...PP.. .#....#.P...P.P.#b.P...P .#.....##..P..P.#P.P..P. .#......#[..P...#P...... #........###....#.P..### #....####...#########.# ..........>..# .# ..).............. . ..'########..###.# Turn 71 on D:1: plz no fedhas ## ## ... ... ..#########.. ......# .###.PP.#.PP.### ........#P.P....#....... .......##P......#.....PP ......#......PP.#..P.... ......#...)..PP.@..bPP.. .#....#.P...P.P.#..P...P .#.....##..P..P.#P.P..P. .#......#[..P...#P...... #........###....#.P..### #....####...#########.# ..........>..# .# ..).............. . ..'########..###.# Turn 72 on D:1: XD ####### ##### ##.....##..... ##............. #.............. #.....<........ ........@.!..... .#.............. .#.............. .#.............. ................ .#........#..... #..#####.###### #.. .# Turn 806 on D:2: >maxwell's patent armor # #.# #..###...# ###########.# #(.# .# ............# #..# ......####### #..# # ......### #..#.# .. ........########..#.#.## ......................... ........########....#.### ####....# #@#### ####....# #.# .....†..# #.. ####.######## #### ............. ####.######## ####.# .....# ###### Turn 1485 on D:3: +2 helmet of doing nothing ##..#.#.###.#.####### ..................... ##....#.###.#.###### #.####.# #.#...# #.# #.# #.###.# #.. ..# #.###†# #### #####...#.## .........## #####.#.@.# ...#.#......# #.## #.#..###.# # #.#..# #.#..# #.##J# ..# .. ### .# Turn 1524 on D:3: does foxfire ever miss? ###..# #...># #.##)# #.#..# #.#.## ##.#.## #.....# #..#### #@.# #..# #..# #... #.### #.. ### Turn 1564 on D:3: isn't this spell too good? .................# ##..#............# ................<# #.###...##...†..# #...##......# #.....#.....# #..##.....### ###.§###.##.# # ##..v@.##..#.# ..##.#..§§..#. .... ..=....§§...# ... .....#.....# ... ............# ....#.......# ......#.....# ..######### .... Turn 2411 on D:5: oooh .################ ### [.##.....##.....## ... .#.##..............## ###.##...#...............(# .....#.#.#.....<..........# #.##...#........@.........# ...#.#.#.#................# .#...#...#................# ...#.#.#.#..............>.# #.##...#..)..............## .....#.#.#........#.....## ###.##...#..#####.####### .......#.#)..# #.# #.###.##.....# #.# Turn 3219 on D:2: mhhh .################ ### [.##.....##.....## ... .#.##..............## ##.##...#...............(# ....#.#.#.....<..........# .##...#........∩.........# ..#.#.#.#.......@........# #...#...#................# ..#.#.#.#..............>.# .##...#..)..............## ....#.#.#........#.....## ##.##...#..#####.####### ......#.#)..# #.# .###.##.....# #.# ........#(..# #.# Turn 3231 on D:2: literally just a basic ring mail with less ER ####†.#.# #.......# ####.......# #..........###### ##...............# ............[..#.# ### ################§###..... #.§§§....# #.@##§..(.. ##..v...... ..##.#.##. #... ..# #### ... .D . Turn 3405 on D:6: uhh #.##.#..# #.......# # #.#..# #.<#.##.# #. #....####!.#.## # #.#####.##.......#.# #...<...##.#.......# ###.....##.#.......## ####.....##.#.......... #.....#........#....... ###.#......##.#.@#.......[ #..∩.......##.........###. .##.###########..#.#### .#..# ####†.#.# .#.## #.......# ....# ####.......# .##.# #..........###### ... ..###...............# ###.#.#............[..#.# ### Turn 3431 on D:6: that's an early hydra #.....## ##......##### ........... ........# ......# .....# #...# #@..# #..## #..# ##..# #...# .# #...# ###.# #####...####....# #.............[# #.............# Turn 4502 on D:7: ha ha #. #. #. #. #. #. ########+#.. #. #........... +...@...>..! #........... #.4......... #.........## #.........# #...6.....# #.........# #.........# Turn 5315 on D:9: uh ......... .. ......... ... ......... + ...######........ #...$.....#........ #.........#.....# #.. #..y#.....# ##...##.[@y.....# ......'...#y....# .....#...#.....# .... #...#.....# #. #...#....(# ###...###..).. #.......#...... #.......#.....y #.......# Turn 5384 on D:9: wait, this kills a two headed ogre in one combo? #####...###..).....# #.......#........# #.......#........# #.......#........# ##..##..#........######## ..... #..#######.......... ##.... #...#....#.......... #.... #4..6....#.......... #.... #(.<#....@.......... ##.## #.####..##.......... #.# #..###########' #.. ... .....# #.. ... #.....# #.. ... #.....# #.. #.....# #.. ###.. #.. #.. Turn 5573 on D:9: wait, it will kill this combo in two hits? ####...###..).....# #.......#........# #.......#........# #.......#........# ##..##..#........######## ..... #..#######.......... #.... #...#....#.......... #.... #4..4.)..#.......... #.... #(.<#....'@......... ##.## #.####..##.......... #.# #..###########' #... ... .....# #... ... #.....# #... ... #.....# #... #.....# #... ###.. #... #... Turn 5576 on D:9: yep ..#..###...#....(###### ########...###..).....# # #.......#........# # #.......#........# # #.......#........# # ##..##..#........######### # ..... #..#######........... # ##.... #...#....#........... # #.... #...'.@..#........... # #.... #(.<#....'........... # ##.## #.####..##........... # #.# #..###########'# ... .....# . ... #.....# ... #.....# #.....# ###..## Turn 5593 on D:9: it's nice to have 75 mp though ####'##### ......... #.....# ....... #.....# .... .. .#.....# #####'## #...#.....# .......###...#.....# .......#.....#..)..# ... [......'.....#.....#.!.. .......#.....'..@..'.... .......#####'#.....#.... ##.................# . #............###### .#............# .#............# .#............# .#............# #............# Turn 5818 on D:9: what a nice change from my last game ..# #.# #.# #.# #.# #.# #######.# #......@# ..####### Turn 6322 on D:10: how good is OTR + Ignite Poison? .#####...# .......8.# ..# .#####.. #.# #@###'# #.# ##...# #.# #.>)# #.# ##..)## #.# #)###)##########.# )## ##)).#.)[o..@# .# #.8..o####### .# #..[### #######'## ........# .....[..# .######.# .# #.# .# #.. Turn 6614 on D:10: ONE SHOT #8#..###....##.#####..##..#.?# ###..##.####.#.#...#..#..##.[# #.©#.##.©.##.#©.©#..##©.#.©# ###..#.#.####.##...#..#..##.?# #8#..#.##...J#######Y.##..#.!# ###..#.^######©#...#Y.#..##..# #..#^.......##...#YY.#.....# ###..###########...########### #8#≈.........@...≈............ ###∩...∩........≈8§........... #≈.............≈............ ###..###########...########### #8#..#.........#...#JJ.......# ###..#..##^##..#...#J##..^##.# #..#.#..#..#.#...#.#.#.#.#?# ###..#.#^.#..#!#...#..##.##.)# #8#.©#..#####.©#...#..#^©.#.©# Turn 8558 on Gauntlet: maaaaan ######################### ###§§...................... #8#§§...................... ###..###########...######## #..#.!".....^#.8.#...#... ###..#!######^.#...#..#..## #8#..###....##.#####..##..# ###..##.####.#.#...#..#..## #.©#.##.@.##.#©.©#..##©.# ###..#.#A####.##...#..#..## #8#..#.##....#######Y.##..# ###..#.^######©#...#Y.#..## #..#^.......##...#YY.#... ###..###########.§.######## #8#≈............§§......... ###∩...∩........§8§........ #≈.............≈......... Turn 8604 on Gauntlet: phew, ok ^###^#.#. #.#...#. #... ## #..... #.. ..#. ##...# #YP ..... .#####....### #.##....$ #.........#.####.....†.. ..............##..#†.†.. .......<....†..YY#...# .....#######..@Y.†..# ###. ##......## # #.#....## ##......# #.##....# ## #....# ..≈.≈.. ≈≈≈≈≈... ≈≈≈≈≈.. Turn 9293 on Lair:4: here goes, 19 ev 23 sh doing nothing #........$.....# .........$...# #..........# .##.....#....## .# ............$.#..## .......>........... ...$...)K)......... .......†))......... ........@.....$.#.# ...........##..#.## ..$...)....# .....# ....#..........#.## ....##.^....#.#### .. .......# # .......#. #...##.#... Turn 11442 on Orc:1: man ........... #......... #......... #........# #........# # .........# . ......(..# .. . #|@.# .# #...# .# #...# .# #...+ .# ##..# .# #..#####.###### #####.............. #.................. #....>............. Turn 13372 on D:12: jorgrun down in two ignite poisons #........# ########........# ................# ................# ...$............# ................### ................... .........#######.### .........# #@# .......).# #.# .........# #)# .........# #O# .........# #.# .........#######.###### ................)......# ########...............# #...............# Turn 14168 on D:14: one? ..#######.#######.######## ...^.....................# ##########..(.......>....# #..)............# #...............# #...............# #...............# #...............# #......@........# ###...............# ..................# ###........######## #........# #........# #........# #........# #########........# Turn 14382 on D:14: isn't this too much? ...# .###..# ...# .#©#..# ...#### ########.#©#..# ......## #........#©#... ...##..# #.......#####.. ...###.###.).....#©#©#.. ...# #...'.......#.#.#.. ...# #####....^..#.#.#.. .### ###'###@#_#C#.# ..# #.# #.#©#©#.# #.# #.. #.#####.# #.## ###.#.#©#©#.# ...### '#.#=}=#.# .....# ..##©##.. ...#..# ...###.#. ...##.# ....©.## ...# ..+ Turn 14717 on D:13: suuuuure ......## #........#©#... ...##..# #.......#####.. ...###.###.).....#©#©#.. ...# #...'.......#.#.#.. ...# #####....^..#.#.#.. .### ###'###.#_#.#.# ..# #.# #.#©#C#.# #.# #.. #.#####.# #.## ###.#@#©#©#.# ...### '#.#=}=#.# .....# ..##©##.. ...#..# T...###.#. ...##.# ......©.## ...# ..+ ......#...+ ...# ## .......+.### ...# ........### ...########## Turn 14720 on D:13: i mean if i can survive 6 turns, he's dead, probably :d #.# ##.).....## #####.# #.# ##..)..## #.# #.# ###'##### #.# #.# ##......# #<# #.# #.))..#.## #.# #.# ##...#...## #.# #.##########..#.....######.# #.............#............# #############@#.....######## #.##...## #.###### #.# #.# #=# # ### #.# .# # ##.#######.##.##... ###................# Turn 15581 on D:15: well this was really easy! ## ## #.#.## ...... ##.... ....# #≈≈≈# ##.†.## #^.@..# ## #..# #.#w†.#.# #^.. P..### ##.## #... P..... #.#.#####... .## ###....>. ##.#.#.##...# ..♣ #...... ## #.#.#.###....## #.♣ ##....# #^###^#.#.##.....##..♣ #....# #.#...#.#.##....>##^♣ .....# #.....#####......#.♣ Turn 15842 on Lair:4: ah, resistant to fire ## ## #.#.## ...... ##.... ....# #≈≈≈# ##.†.## #^.@..# ## #..# #.#††.#.# #^.. P..### ##.## #... P..... #.#.#####... .## ###....>. ##.#.#.##...# ..♣ #...... ## #.#.#.###....## #.♣ ##....# #^###^#.#.##.....##..♣ #....# #.#...#.#.##....>##^♣ .....# #.....#####......#.♣ Turn 15843 on Lair:4: oh well, iron shit will have to do ## ## #.#.## ...... ##.... ....# #≈≈≈# ##††.## #^.@..# ## #..# #.#††.#.# #^.. P..### ##.## #... P..... #.#.#####... .## ###....>. ##.#.#.##...# ..♣ #...... ## #.#.#.###....## #.♣ ##....# #^###^#.#.##.....##..♣ #....# #.#...#.#.##....>##^♣ .....# #.....#####......#.♣ Turn 15916 on Lair:4: how do i not die from rupert? ♣.≈≈≈.. ♣..≈≈.♣♣♣≈ ♣♣....w≈≈≈≈ ♣≈.....≈≈≈≈ ♣.>.....≈≈≈ ♣≈....≈≈≈≈≈ ♣...[.≈≈.. ♣≈@.....♣ ♣..≈..≈.≈♣ ♣♣♣≈♣♣♣..≈♣ ♣♣♣ .≈♣ ♣ Turn 15967 on Swamp:1: storm form lol ♣≈.≈♣♣♣♣.≈.≈♣ ♣≈.♣♣≈.≈.≈♣♣ ≈♣≈. ♣..≈.§..≈.♣ ..≈≈ ♣♣..≈.♣♣..♣♣ ≈≈≈≈≈ ♣♣♣♣≈†≈.≈.≈♣ ≈≈≈≈≈ ♣♣§.♣≈§...§.♣♣ ....≈≈ ♣≈...≈.≈.≈...♣♣♣....≈≈ ♣..≈...≈.≈..♣.♣≈..≈≈.. ♣♣.≈..≈.≈....@...≈≈≈.. ♣♣.....♣≈≈.≈≈..≈≈≈... ♣.≈.......≈≈≈.≈≈..≈. ♣≈..≈..≈≈≈≈......... ♣♣≈♣.♣.≈≈.|≈♣.≈.♣... ≈≈≈.♣....≈.≈≈..♣♣ ♣♣ .≈≈..(≈≈≈....≈.≈♣ ♣♣....≈≈≈..≈...≈.♣ ♣.≈...≈.≈.....♣≈.♣♣ Turn 16094 on Swamp:1: i find it funny that this is not any slower than my usual caster games ≈≈≈♣≈..≈≈§≈)≈≈≈≈≈≈. ≈.§≈.≈≈≈≈≈.♣≈≈≈≈.≈≈≈≈≈♣. ..≈...≈≈≈.≈≈≈≈≈≈.≈♣§≈≈≈. .♣.≈≈≈≈≈≈≈≈≈≈≈))≈.≈≈.≈§. ≈$.<.≈♣≈≈≈:≈≈≈...≈≈≈≈≈.≈ ♣.≈≈.≈§≈..≈♣.≈≈≈≈≈≈≈≈<≈ ♣♣.).≈≈≈♣.≈≈.§≈≈≈≈≈≈≈≈. ≈♣≈...§≈≈≈≈.≈.♣≈≈≈≈≈§≈.. ≈..!≈≈≈@≈...≈.≈≈.≈≈≈§§≈♣ ≈♣♣≈♣♣♣.§...≈≈.≈.§≈.≈..♣ ♣♣≈.†>§≈......≈..♣ ♣≈..)..≈♣♣.≈≈≈.♣♣ ♣...>≈♣§♣♣♣..≈.♣ ♣≈..♣≈.♣♣ ♣♣...♣ ♣≈≈..♣♣.♣ ♣.≈§.♣ ♣≈<♣.♣♣♣.♣ ♣♣..♣♣ [..♣≈≈. ♣≈♣ ♣♣≈♣ Turn 16408 on Swamp:2: aaand down in 4 turns .....♣≈≈≈..≈≈≈ ≈...≈≈.....≈.§≈. ...≈...≈§...≈≈♣♣ ♣≈≈≈..≈≈.♣..♣... ♣♣♣.<≈.≈≈≈.<...♣♣♣♣♣♣.≈≈≈≈≈≈.≈... ♣♣♣♣≈≈≈≈≈.♣≈§≈♣♣♣♣...§≈≈≈≈[...≈ ≈≈≈≈≈≈≈≈≈≈....≈......≈....≈ ≈≈≈≈≈≈≈≈≈.♣≈§≈.≈....≈≈≈..♣ ≈≈≈≈≈≈≈....≈≈≈....≈≈♣≈...♣ ≈≈≈≈.<....≈≈≈≈≈.♣♣♣♣♣≈♣♣.♣ ≈≈≈≈≈≈≈≈.@≈≈≈≈≈..♣ ♣.♣ ♣♣♣ .≈≈≈≈≈≈....≈≈≈...♣ .≈ ♣ ≈≈.≈..≈≈≈......♣♣♣ ≈≈.♣♣..≈≈..♣♣..♣ ≈≈.......♣♣♣♣♣♣♣ ≈ ..≈≈..♣♣ .≈...≈.♣ ≈P≈....♣ ≈.≈... Turn 16882 on Swamp:3: ohh .....♣♣ ♣♣ .......♣.♣♣ .P.PPPPPP.♣ ...PPPPPP§♣♣ ≈≈≈PP.≈....♣♣ ≈≈≈PP≈≈..≈..♣ ..≈PP≈DP....♣♣♣ ..≈PP≈w@≈..≈≈≈♣ ..≈≈≈PP..<♣≈≈≈♣ ...P...♣≈♣f≈≈.♣ ≈......♣.≈♣♣♣♣♣ .....≈≈≈... .≈.§..≈≈≈≈≈| ..n♣.♣≈≈≈≈≈≈≈ ≈.≈.♣≈≈≈≈≈≈≈≈≈ ♣..≈≈ Turn 17198 on Swamp:4: gotta love bullshit like this ##.# #..# #########..# #P.## ##.#.##.#...##....# #.................# ##..†............P# #....#...........## ##≈≈≈##.....#.#..P.. ##s..####...### .... #^B@w.# ###.## ... #..# #.#...#.# #^..# .. P..### #.###.###.##...# . P..... ## #.#.#####...# .## ###....>. ##.#.#.##...## ..♣ #...... ## #.#.#.###....## #.♣ ##....# #^###^#.#.##.....##..♣ #....# #.#...#.#.##....>##^♣ .....# #.....#####......#.♣ Turn 18165 on Lair:4: oh, nikola #..# ##'## ##..# ###'## ###...### ##'### ##...## ##.......## ##...## #.....# ##.........## #.....# #..∩..# #⌠....∩....⌠# #..∩..# #.....# ##.........## #.....# ##...## ##.......## ##...## ###'## ###...### ##'### #..## ##@## ##..# ##..#### ##### ####..## ##....#####...#####....## ####....'.....'....#### ######..∩..###### #.....# ##...## ##### Turn 19102 on Bazaar: great bazaar lol #+######## #......... #.@....... #..####..# #..# #..# #..# #... #... #..# Turn 19112 on Vaults:4: wait, there's a bazaar here too? *,,,,,,* *,,,*,**,,,,, *,,,,,,* *,,**,**,,,,, *,,,,,,* *,,,,,**,,,,, *,,,,,,* *,,,*,**,,,,, ********,,,,,,* *,,,*,**,,^,, *,,,,,,+,,,,,,* *,,,,,**,,,,, *,,,,,,*****#+########*+**+**** *,,,,,,* #.........,,,,,* *,,,,,,* #.@.......,,,,,* *,,,,,,* #..####..#***,,* *,,<,,,* #..#,,*,,*,,*,,* *,,,,,,* #..#,,+,,+,,*,,* *,,,,,,* #..#***,,****,,* *,,,,,,* #...,,,,,,,,,,,* *,,,,,,* #...,,,,,,,,,,,* *,,,,,,* #..#*+*,,**+*,,* ******** *,,*,,*,,*,,*,,* Turn 19113 on Vaults:4: wtf ##### ##...## #..∩..# ##..[..## #∩..∩..∩# ##..)..## #..@..# ##...## ##### Turn 19235 on Bazaar: absolutely unreal ,,,,,,,* #......# *,,,* ,,,,,,,* ########......# *,,,* ,,,,,,,* #......'......# *,,,, ,,,,,,,* #......######'######### ,,,,,,,* #......# #.......... ,,,,,,,* #......# #.......... ,,,,,,,* #......# #..####..## ,,,,,,,* #..<...# #..#..#..#, +******* #.....@# #..#..'..+, ,**** #......# #..####..## **,,* #......# #.......... *,,,* #......# #.......... ,,,*** #......# #..##'#..## ,,**,* ######## #..#..#..#, ,**,,* #..#..#..#, **,,** #..####..## ,+,,* #.......... Turn 19295 on Vaults:4: uh huh *,,****,,,* *,,,,,,* *>,+,,+,,,* *,,,,,,* *,,*,,**+** *,,,,,,* **+**+*,,* *,,,,,,* *,,*,*,,* *,,,,,,* *,,****+** *,,,,,,* * **+**,,*,,###+##******** * *,,,+,,+,,+....#,,*,,,,* ****,,,****,,#..@.+,,+,,,,* ,,****** ***#....#,,*,,,,* ,,* #...##++**,,,* *,* ******* ##+##,,,,**+** *,* *,,,,,* *,,,+,,,,+,,,* *,* **,,,** *,,,+,,,,+,,,* ,,* **,,,** **+**,,,,**+******** ,,* *,,8,,* *,,,**++**,,,*,,,,,, *** **,,,** *,,,,*,,*,,,,+,,,*,, Turn 19478 on Vaults:2: and desolation's gone #....#..<......# #..[.#........## #....#........# #....#........# #....#######'##### #....# #.......# #....# #.......# #....# #.......# ***** #....# #......@# *,,,* #....# #.......# *,*,* #....# #.......# *,,,* #....# #.......# *,,,* #....# ######### *,,,***** #..).#*###*#** *,,,*,,,* #....#......,* *,,,*,*,* #....#.#...#,* *,,,+,,,** #....'......,* *,,,*,*,*, Turn 19673 on Vaults:3: oh boy ANOTHER book sho .#s.. #§...# ## ##....# ##. #.....# ##^. ###.....## #... ##........## ####.. ##.........#.####.><.. #....@..# #..##.....^ ###..#..## #.......... #####..###.......... ##...##...>...... #......†......... #.........###..#. ###......## ####. ######## # Turn 23203 on Spider:2: ow ## ##### ##### ## ..## ##...## ##...## #.. ...###.....###.....###..... ....#.......#.......#...... ........................).. ..........)............)... ...)...................... ..)###.............)...# ..## ##.........@...).## ..# #...............# ..## ##.............## ...### ###.........### .....## ##.......## ......# #.......# ......## ##......# .).....### ###.....# .....)...## ##...... Turn 26402 on Elf:2: bardiche and exec axe .# .# .) .# .) .######## ####. '##.....# #.# .###+#### .....##+# #.# ........# ......#.# #.###)....... ......#.####.##.....?... .)....'...##.#..@....... ......'......'..)....... ......####.###).).)..... ......# #.# ##.....)... ......# #.# ##..:..... #.....# #.# ##......# ####### #.# )...... #.# ....... #.# .... Turn 27018 on Elf:3: >>> ..# ..# .). ..# .)) ..# ##)## ..# #...# ..# #.))# ..# ))) ## ..######## ####)##.## ''##.....# #.#.@..#'#### ......##+# #.#.†.......## .......#.# #.#..))......## .......#.####.##.)))......## [.)....'...##.#....).......# .......'......'..)..)......# .......####.###).))))......# .......# #.# ##..)..)....## #......# #.# ##..).....## Turn 27291 on Elf:3: lol ignition ................###'# ..###.....###.......# .## ##...## ##......# .# #...# #...⌠..# .## ##...## ##......# ).###.....###.......# ................###'# #.............###...# ###..=.)....###.@..}# ).###..)).###.)..[### .|..###)###)}..|### #.[..#...#....## ###..#.))#..## ###)))### # ####)##.## # #.#....#'#### # #.#.÷.=.....## Turn 27462 on Elf:3: absolutely nothing of interest #. #.....8 #.. #..... #... #.... #...###...# #.........# #.........# #.........# #@..# #D..# #...# #...# #...# #<..# #...# #...# #...# Turn 27779 on Depths:1: tso blesses non-angel summons too? #.........). #.......Z.... #.......Z.... #... #.....Z...... #...# #....Z8888888 #...# #.....8888.88 #...# #............ #...# #.........8.. #...###@..#.....8.. #.........#........ #.........#.8888}88 #.........#.8888.88 #...###...#........ #...# #...#####...# #..[# #...# $..# #)..# #...# ..# #...# #...# Turn 27818 on Depths:1: oh right, i have so little willpower a necromancer can agony me XD #..### ...#......###### # #.# .#.#.##...# # #.. ####....### #.#..## ###..# ..#....## #..# #...^.. ######.# # #.....# #......# #.##....###.###D## .......#...#.@.?# #....#.####'### #......# .D. #......# +.... #####..# #....# #...# #....# #.### ##'### #.# .C. #.# Turn 29910 on Depths:3: oooh

#...?#.....###[..####)#########.#
##[###.⌠...#.#######....^#....#..
#.)..#..#..'.#...#.#..)).###'####
[....'.....#.#.≈.#.'..#..#....#.#
#....#.....#.#...#.#.....†....'.#
#?...###'#####.).#.#.....#....#.#
##'####....#...#.#####'###....#.#
....########.....|.#....####)####
....#.#.......|/@..#######.[...#)
⌠#..(.#.≈.)#.[≈≈[......#[#.....#.
....#.#......}≈≈..#..≈.'.'..#⌠.'.
....#######............#[#.....#.
#'####(...#.)....:########.[...#.
....###'#####.#.(.# ###(#####
)..(#.....#.#.).#####+###....#.#.
....'....[#.#...#.#.....#)...#.#.
[(..#..#..'.#.≈.#.#.....'....'.#.


Turn 31315 on Depths:3: well this is not very interesting #.# ## #.#### #.#+#
##....# ...# #.....## # ..+ ###.....## ##.###.# ##.D.))...#
'...q).####°°######.# ##.###.'qD°.##....#'### # #...#.†..#...@.'.[.#
########'#.....#.)## #....#....##..# ##...#....#...# ##.###'#####.#
###.......#.# +.......#.. #.......#+## #.<..#### Turn 31574 on Depths:4: man,
that lack of relec hurts #......## ##...## ##......# #..⌠...# #...# #...⌠..#
#......## ##...## ##......# #.....?.###.....###.......#
####'###.................###'# ..##...###.............###...#
..##..(..###..=.[....###....}# ..####)).).###..)[.###.)..[### ..#
###|.|..###@###)}..|### ..# ###.[..#...#....## ..# ###..#.[[#..## ..# ###))[###
..######## ####[##.## ''##.....# #.#....#'#### ......##+# #.#...=.....##
.......#.# #.#..))......## .......#.####.##.[[[......## Turn 31953 on Elf:3: not
a fan of doing this but it seems the most plausible ..#...#. . . ......#.# .
..###.....#.#.. ............... ............... #.......... #.....# #@# #...#
#...# #...# ##.#. ..... ..... ...... Turn 31956 on Abyss:4: :) ≈# . . #.# #.. .#
# ♣.# . .. .. . ≈≈.## # ..# .# .#♣≈..## ###.###. .≈≈≈≈ .##.......## # >.
.#........#.# . . ..≈ .#.. #...## .#. .##.###.## #@#.# .. # #.###.##.#..# . .
##.###.#..##..# . ..##.##.#.......#...# .#. # . ##.##...####### # # #... #..##
.## #.......# ## # #. .# .#.##.# ##.##.#.....# Turn 32278 on Abyss:4: getting
sick would be a disaster ##.#.....#.#.## . ......# # .# ###..#.#.###.### # #...
#...#.# #..#..#.. ..# ## .#...#.. ..#. §## ## ##...# ....#.#..# X
#.#...#...###.#..#.# # ## #. .#.#h@..§#.h ##.##.##..#..h# ##....#.#...## #
.#.#...#.## #. ##...###.# # #...#...# 3 ###.....# . #..###.# .# #... ## Turn
32896 on Abyss:4: GREAT # .. ......#.. #.. ##. #...... ##.#.... #...## . ......#
. .# ###..#.#.###.### # #... #...#.## #..#..#.. ..#.## .#...#.. ..#...## ##
##...# ....#@#..# X #.#...#...###h#..#.# # ## #. .#.#.....#.h ##.##.##..#.h.# #
....#.#...## # .#.#...#3## #. ##...###.# # #...#...# . ###.....# . Turn 32898 on
Abyss:4: on fucking sight ....#.....# . .. ...###. .# ... ##.#####.#####.#
..#...#....###†## . ### ...#.....# #....#.##..# # .....#.....#.# .. #.#..
....#..### . . .#.. ..X....@.# . ##.#.#.#.....# ...# §#X####..#### . .# #.#.. #
... . . ..#. # ..#.# #. Turn 33057 on Abyss:4: 1100 turns, no rune in sight #
#....# ...... # ##.###..... . # #...##..# .## # #...§#.####...#
..#...#..#.#..#.. ...... #.§. ..#..§ #.#.....#.§###.##.. #.#...#...#...#
...#.⌠...⌠@..⌠.# ....#...#...#...# .# ######.## .## ... .# ..⌠. # .....# ##.≈..#
#4#### Turn 33151 on Abyss:4: found it #.. .# #. #.#..# #.# ..# ## # #..# ..###
.∩# .. #†....#..#. #.### # ..## .... #.#. ##... ........ . #C# ##.≈#)...##....
...≈######.≈........... #......@A.....#......... .#..........####...... #
#.........### ....... #...##....... ...... ### ... ##.......#.....## ..
#.......#... .# . ....>...... .. .....##...... ... #......≈... Turn 33219 on
Abyss:4: ah # . # . # #.. . ### #### .. #.# ## . . . #.# # . #≈ #.## . . # #.
##@##.. # . #### ##.AW##.#.# # # . .. .##W##C #.## #. . #. .. ∩ G.####.# .. # .
.... .## #)#.## .# . . .. ..##.#..#.##. # .. ##.# ###.≈#). . ## . ...≈### ##. .
... . .. . .. # .. .... .. . . Turn 33277 on Abyss:4: daeva? .. # .. # .#.###
.#. #....## . .... ...#.. # . .Z###### #.# #.≈ # # .#.#...#..####.≈≈# .#.....
#.@..##..≈#.. . ..#..####.>#.#≈≈. ## ##.##..#..##..# .. ..... ..#. ....# ≈# #...
... .. .#..#.≈#. #. # . ###.#.#.>.≈≈≈# # ..## ....#.#§#.#≈ 34 #.# . ##.##
#.#X§..> ≈≈ ##. #. ###.#≈≈≈≈ Turn 33459 on Abyss:4: it so guides me out that i
only find stairs deeper ... ..#. ....### #. ......###. .X....# # . #...####..#
#.X..@...# . ##.§§#..## .. #.§.#..... . #.# #.#..###..# .. .##..## ## . #..# .
.. ...# # . ...# #. .. ...## Turn 33586 on Abyss:4: leading down ## ... #.# #
..##. #... ######.###### #...#...#...# #.⌠...⌠.@.⌠.# ...#...#x.># ..
######.###.## # #...#...# ..# .. . #.⌠...⌠.# .# . #.#...#...# .#
.....######.####### ...#... ###..#..... .. ....#...... # Turn 33741 on Abyss:4:
6th #......## ##...## ##......# #..⌠...# #...# #...⌠..# #......## ##...##
##......# #.....?.###.....###.......# ####'###.................###'#
..##...###.............###...# ..##..(..###..=.[....###....}#
..####)).).###..)[.###.)..[### ..# ###|.|..###@###)}..|### ..#
###.[..#...#....## ..# ###..#.[[#..## ..# ###))[### ..######## ####[##.##
''##.....# #.#....#'#### ......##+# #.#...=.....## .......#.# #.#..))......##
.......#.####.##.[[[......## Turn 33770 on Elf:3: and the seventh is what we
were looking for #.###########⌠... #.# #P... #.# #[... #.# ##8.. #.# **,, #.#
*** #.# ***** ########.######** *** ,,,,** #......@...^....* **,, ,,,,,**
##.........^...#* **,,, ,,,,,,** #.............# **,,,, ,,,,,^,* ##...........##
*,,,,, ,,^,,,,* #...........# *,,,,, ,,,,,,,* *#...........#* *,,,,, ,,,,,,,*
*.............* *^,,,, ,,,,,,,* *#.............** *,,^,,
,,^,,,,***,^,,,,,,,,,,,,,***,,,,, Turn 39432 on Zot:5: zot or mark ##### *####
#########.<.# *...# ### #...#<..#...# *...# ..# #...#.......# *...#
..#######...#......## *...# .^..............)..####...####
.............÷..@........^...# ............[.......?........#
.................#########...# .##########......# *,..# .# #......# ****# .#
####...# ## ##...# #....# #....# Turn 39533 on Zot:5: ok, this hurts
considerably # ##### *#### ## #########.<.# *...# .##### #...#@..#...# *...#
.#...# #...#.......# *...# .#...#######...#......## *...#
....^..............)..####...#### ................÷...........^...#
...............[.......?........# ....................#########...#
#...##########......# *,..# #...# #......# ****# Turn 39549 on Zot:5: i should
consider drinking !res #....# #....##### ##.......# #..⌠....# #.......###
##.........# #..........# ###########.####+++### #..D.@......#.W......P
#.###########⌠.W.....⌠ #.# #P...(...P #.# #[.......? #D# ##8.....8# #.#
**,,8,,** #.# ******* #.# ########.######## ******** Turn 39693 on Zot:5:
-regen? ...# ####...# #### ##...# #....# #....# #....# #....##### ##.......#
#..⌠....# #@......### ##.........# #..........# ###########.####+++###*
#..)[.......#..W.....P# #.###########⌠.W.....⌠# #.# #P...(...P# #.# #[.......?#
#D# ##8.....8## Turn 39704 on Zot:5: this is pretty bad .......##
#.........^...,,,,,,,* .......# #.............,,,,,,,* .......##
#.............,,,,,,,* ........# #^............,,,,,,,* ........##
#..^..........^,,,,,,* .........###.............,,,,,,,*
#######...###^....^......,,,,,,** ##....##.).........,,,,,**
###......@.......^,,,^** #▓▓▓▓▓▓▓▓▓▓▓##..,,,** ****,,,,,,,,,,,,,,,**
***,,,,,,,,,,,,,^,,,^,** **,,,,,,,^,,,,,,,^,,,,^,** ******
*,,,,,,,,,,,,,,,,,,,,,,,,* ,,,,,***,,,,,,,,,,,,,,,,,,,,,,,,*
,,,,^^**,,,,,,,,,,,,,,,,,,,,,,,** ,,,,,,,*,,,,,,,,,,,,,,,,,,,,,,** Turn 40755 on
Zot:5: -3 to all stats? really? ............)....................
.....#####..'########..###.##...# .....# #..##.......##..##.....#. .....#
#..##.#######.##..#...#... .....# #.##.# ..##.##.#....... .....# #.#.#
#####.#..#.#......# ########.#. ##...##.#.#.###.#... .........#
#.'##.#.#.#......... .#.......# #.#@#.#.#.#...##.... .#.....#.#
#.###.'.#.#.#.##.... .#.....#.# ##.≈.##.#.#.#....... ##.......# ####
.##.#.#....... ......#..## # ##........# ......##..## #.........# ......###..##
#..#.....### .....[# #...+########..###.....#. ##....# #.#...........# #.....#.
Turn 41618 on D:1: only regained 5 out of 9 lost with that one fucking pie

Levels and vault maps discovered:
D:1:      evilmike_arrival_rings, layout_basic, serial_shops,
          nicolae_lakefront_shop, shapermc_ecumenical_altar_gd
D:2:      layout_rooms, serial_shops, nicolae_shop_crystal, shop, shop,
          nicolae_shop_overgrown_old_shop, shop,
          nicolae_concentric_dashed_squares_wild, palyth_stone_intersect
D:3:      layout_basic
D:4:      layout_cave_pools, minmay_temple_entry_nine_rooms,
          minmay_misc_feat_encased
D:5:      layout_rooms, ebering_ghost_sewer_d, gup_sewer_entry_glass,
          roderic_filled_cross
D:6:      layout_loops_cross, fedhas_altar_fruit_tree, serial_shops,
          nicolae_shop_crystal
D:7:      layout_layer_cave, eino_jars, uniq_duvessa, uniq_maggie,
          uniq_crazy_yiuf_cottage
D:8:      minmay_statue_hallways, layout_basic, kennysheep_small_circle
D:9:      layout_gridville, david_lair_generic, uniq_grum, uniq_amaemon
D:10:     layout_loops_ring, hiddenorc2_lemuel, gammafunk_ghost_ooze,
          kennysheep_generic_room_7, uniq_josephine
D:11:     layout_cave_pods, hellmonk_ghost_big_iron, bloody_trog, uniq_erolcha,
          uniq_snorg
D:12:     cheibrodos_barr_body, layout_irregular_city, uniq_jorgrun
D:13:     layout_roguey, grunt_vaults_entry_tiered, hellmonk_jugg_or_not
D:14:     layout_small_grid, chequers_serial_rivers_micro_c,
          minmay_misc_feat_tiny, uniq_roxanne, uniq_azrael, uniq_lodul
D:15:     grunt_enter_depths_magical_seal, layout_loops_corners
Lair:1:   layout_misc_corridors, uniq_joseph
Lair:2:   layout_regular_city, gauntlet_entry_generic,
          nicolae_lair_run_with_the_wolves, grunt_megastairs_1
Lair:3:   mu_elephants_graveyard, layout_hall_layers
Lair:4:   nzn_winding_woodlands_medium [nzn_winding_woodlands_5x5_default,
          nzn_winding_woodlands_5x15_longhouse,
          nzn_winding_woodlands_5x5_default,
          nzn_winding_woodlands_5x5_perimeter,
          nzn_winding_woodlands_center_garden,
          nzn_winding_woodlands_5x5_checkerboard,
          nzn_winding_woodlands_5x5_default,
          nzn_winding_woodlands_5x15_lazy_stream,
          nzn_winding_woodlands_5x5_open_star], layout_concentric_octagons,
          palyth_hydra_swamp_entry, nicolae_spider_entry_tight_spaces,
          minivault_23, eino_small_chamber_without_monster,
          small_statue_intersection, beast_lair_carwin_5,
          infiniplex_staircase_pool_2
Lair:5:   layout_roguey, dpeg_slime_entry_corner, serial_bayou_shore_b,
          grunt_megastairs_3, lemuel_fruit_tree
Lair:6:   grunt_lair_end_beastmaster, layout_misc_corridors, basic_altar
Swamp:1:  layout_basic_swamp, serial_swamp_ruin, evilmike_swamp_ruin_house_3,
          evilmike_swamp_ruin_rubble_2, beargit_elvish_explorers
Swamp:2:  layout_falls_marsh, nicolae_swamp_bean_lake, swamp_pool4, uniq_frances
Swamp:3:  layout_basic_swamp, hangedman_swamp_pad
Swamp:4:  swamp_alternative, layout_basic_swamp, swamp_pool1,
          nicolae_swamp_fairy_circle, water_boxes_lemuel
Spider:1: layout_spider_delve, uniq_rupert, uniq_nikola
Spider:2: layout_spider_delve
Spider:3: layout_chambers, drop_trap, dreamdust_wasp_nest,
          hangedman_spider_tarantella_strand, uniq_aizul, uniq_donald
Spider:4: spider_rune_water, uniq_arachne, uniq_agnes, uniq_mlioglotl
Orc:1:    cheibrodos_orc_arena, layout_caves, serial_shops, shop_fountains,
          uniq_sonja
Orc:2:    grunt_orc_community_town_hall, layout_caves,
          grunt_orc_community_big_house_1, grunt_orc_community_big_house_2,
          grunt_orc_community_house_2, grunt_orc_community_house_2,
          grunt_orc_community_house_2, grunt_orc_community_house_1,
          grunt_orc_community_house_3, grunt_orc_community_house_3, basic_altar
Elf:1:    layout_loops_corners, gammafunk_ghost_cemetery,
          hangedman_corner_corridor, uniq_asterion
Elf:2:    nicolae_elf_blades_crystal_corner, layout_geoelf_grid
Elf:3:    minmay_elf_hall_not_hex, layout_gridlike, serial_shops, shop
Vaults:1: ontoclasm_vaults_ligature, v_misc_23, v_misc_9,
          hangedman_vaults_river_flow, v_misc_15, vaults_standard_mumra_lines,
          nicolae_vaults_ring_of_whatevers, v_misc_11, layout_vaults_big_room,
          serial_shops, nicolae_lakefront_shop
Vaults:2: portal_desolation_entry_nicolae_nacl, v_pattern_4,
          hangedman_vaults_nails, blue_anna_dwarven_crypt, vaults_mumra_hexcomb,
          ontoclasm_vaults_loading_screen, nicolae_vaults_ring_of_whatevers,
          v_alt_pattern_5, vaults_dpeg_doors, hangedman_vaults_nails,
          vaults_room_fancy_cross, v_misc_1, v_misc_23,
          nicolae_vaults_little_squares_1, grunt_vaults_hallway_short,
          layout_vaults_omnibox, serial_shops, bzr_entry_lakeside
Vaults:3: v_rooms_2, nicolae_vaults_network_star, grunt_vaults_diagonal,
          vaults_standard_mumra_x, hangedman_vaults_hat, vaults_room_door_ring,
          hangedman_vaults_slice, vaults_room_stairs_pillars,
          layout_vaults_omnigrid, serial_shops, shop, shop,
          nicolae_shop_behind_doors, uniq_jory
Vaults:4: nicolae_vaults_halls_meeting, vaults_mumra_minichess_inversion,
          v_rooms_6, hangedman_vaults_slice, vaults_room_door_ring, v_misc_33,
          vaults_room_mumra_shop_pool, nicolae_vaults_little_squares_3,
          vaults_dpeg_spiral, v_alt_pattern_6, vaults_mumra_lcd,
          layout_vaults_maze_snakey, serial_shops, bzr_entry_safe
Vaults:5
Crypt:1:  layout_misc_corridors, lemuel_statue_altar
Crypt:2:  layout_chaotic_city, basic_altar
Crypt:3:  cryptofortress_bobbens
Depths:1: layout_long_grid, grunt_hell_horde, abyss_entry, solitary_fountain,
          hellmonk_bongcloud_opening, nicolae_shop_gadgets, serial_bayou_shore_a
Depths:2: dreamdust_cat_pyramid, layout_cave_pools, abyss_entry, zin_angel,
          grunt_pan_entry_sceptre, grunt_hell_entry_dis_old
Depths:3: hangedman_box_tower, layout_basic, minmay_room_of_horrors,
          serial_sigils, serial_sigils_hangedman_leer,
          serial_sigils_hangedman_snap, serial_sigils_hangedman_writhe,
          serial_sigils_hangedman_snap, hell_entry, firewood_loft,
          infiniplex_staircase_zigzag_5
Depths:4: grunt_crosshair, layout_honeycomb, enter_ziggurat_b,
          pf_vacation_house_of_asmodeus, abyss_entry, serial_bayou,
          serial_bayou_pond_e, serial_bayou_lake_a, serial_bayou_pond_d,
          serial_bayou_lagoon_a, hellmonk_scarab_ruin
Zot:1:    grunt_twist_and_shout, layout_onion, grunt_ministairs_8,
          zot_minivault_4
Zot:2:    layout_gridville
Zot:3:    kennysheep_bubbly, layout_gridlike
Zot:4:    layout_cathedral_of_symmetry, gammafunk_ghost_necromancy,
          uniq_josephina
Zot:5:    layout_misc_corridors, gammafunk_ghost_cemetery

Skill      XL: |  1  2  3  4  5  6  7  8  9 10 11 12 13 14 15 16 17 18 19 20 21 22 23 24 25 26 27 |
---------------+----------------------------------------------------------------------------------+-----
Fighting       | 1 2 3 4 5 6 7 9 10 11 12 13 14 15 16 17 18 19 22 | 22.8
Long Blades    | 1 2 3 5 6 9 10 12 | 12.7
Shields        | 4 8 |  8.3
Dodging        | 1 2 3 4 5 6 8 9 10 11 12 13 16 | 16.5
Spellcasting   | 4 5 6 7 9 10 11 12 13 14 15 16 17 18 19 20 24 | 24.8
Armour         | 3 4 6 7 |  7.2
Short Blades   | 1 2 3 5 7 9 |  9.4
Evocations     | 4 6 7 9 10 11 | 11.5
Invocations    | 2 5 6 8 9 10 11 12 13 | 13.1
Unarmed Combat | 6 |  6.2

Action                   |  1- 3 |  4- 6 |  7- 9 | 10-12 | 13-15 | 16-18 | 19-21 | 22-24 | 25-27 || total
-------------------------+-------+-------+-------+-------+-------+-------+-------+-------+-------++-------
Melee: Dagger            |    77 |    47 |       |       |       |       |       |       |       ||   124
       Short sword       |       |    21 |    28 |   147 |   206 |    79 |   106 |    44 |   332 ||   963
       Long sword        |       |       |    19 |       |       |       |       |       |       ||    19
       Unarmed           |       |       |       |       |       |     3 |       |     4 |       ||     7
       Tailslap          |       |       |       |       |       |       |       |     2 |       ||     2
       Bite              |       |       |       |       |       |       |       |     2 |       ||     2
Throw: Javelin           |     4 |       |       |       |       |       |     1 |       |       ||     5
       Dart              |       |     1 |       |       |       |     1 |       |       |       ||     2
 Cast: Foxfire           |     9 |    48 |    84 |    89 |    63 |     4 |     5 |     7 |       ||   309
       Poisonous Vapours |       |     3 |    30 |    65 |   187 |   169 |   248 |    92 |    22 ||   816
       Ignite Poison     |       |       |    22 |    42 |   115 |   130 |   153 |    69 |    15 ||   546
       Animate Armour    |       |       |       |     1 |     1 |     3 |       |       |       ||     5
       Fireball          |       |       |       |     1 |    65 |    50 |    28 |    29 |     8 ||   181
       Lightning Bolt    |       |       |       |       |    24 |    17 |     9 |    11 |     6 ||    67
       Iron Shot         |       |       |       |       |    22 |   185 |   158 |   275 |   793 ||  1433
       Storm Form        |       |       |       |       |       |     1 |       |     1 |       ||     2
       Summon Hydra      |       |       |       |       |       |       |    50 |    35 |    17 ||   102
       Ignition          |       |       |       |       |       |       |    20 |    77 |    78 ||   175
       Dragon Form       |       |       |       |       |       |       |       |     1 |       ||     1
       Polar Vortex      |       |       |       |       |       |       |       |       |     9 ||     9
       Shatter           |       |       |       |       |       |       |       |       |     1 ||     1
Invok: Divine Shield     |       |       |       |     2 |     4 |     7 |     9 |    14 |    15 ||    51
       Summon Divine War |       |       |       |     1 |       |     1 |     2 |       |     3 ||     7
       Cleansing Flame   |       |       |       |       |       |     2 |       |     4 |     1 ||     7
       Brand Weapon With |       |       |       |       |       |       |       |       |     1 ||     1
 Abil: End Transformatio |       |       |       |       |       |     1 |       |     1 |       ||     2
Evoke: Wand              |       |       |       |       |     4 |     2 |     2 |     3 |    14 ||    25
       Phial of floods   |       |       |       |       |       |     2 |     1 |       |       ||     3
       Box of beasts     |       |       |       |       |       |     1 |     3 |     1 |     1 ||     6
       Lightning rod     |       |       |       |       |       |       |       |       |     4 ||     4
  Use: Scroll            |       |     5 |     1 |    10 |     6 |    13 |     3 |     2 |    24 ||    64
       Potion            |       |       |       |     2 |     2 |     1 |     1 |     5 |    21 ||    32
Armor: Ring mail         |    26 |    32 |    28 |       |       |       |       |       |       ||    86
       Leather armour    |       |       |     1 |       |       |       |       |       |       ||     1
       Acid dragon scale |       |       |    14 |    30 |       |       |       |       |       ||    44
       Troll leather arm |       |       |       |     4 |    25 |    35 |    50 |    23 |   100 ||   237
       Skin              |       |       |       |       |       |       |       |     7 |       ||     7
Dodge: Dodged            |    29 |    31 |    60 |    94 |   129 |   127 |   243 |   132 |   372 ||  1217
Block: Buckler           |    27 |    21 |    52 |    57 |   194 |   152 |   249 |   142 |   398 ||  1292
       Reflection        |       |       |       |       |    15 |    22 |    18 |    38 |    22 ||   115
       Other             |       |       |       |       |       |       |       |     3 |       ||     3

Table legend: (Time is in decaauts)
 A = Elapsed time spent in this place.
 B = Non-inter-level travel time spent in this place.
 C = Inter-level travel time spent in this place.
 D = Time resting spent in this place.
 E = Time spent auto-exploring this place.
 F = Levels seen in this place.
 G = Mean time per level.
                   A        B        C        D        E       F      G
               +--------+--------+--------+--------+--------+-----+--------+
         Total |  41380 |  35824 |   5556 |   7099 |     20 |  56 |  738.9 |
       Dungeon |  12397 |   9664 |   2733 |   1829 |      0 |  15 |  826.5 |
          Lair |   3293 |   2829 |    464 |    336 |      0 |   6 |  548.8 |
         Swamp |   1871 |   1798 |     73 |    270 |      0 |   4 |  467.8 |
   Spider Nest |   2045 |   1913 |    132 |    266 |      0 |   4 |  511.2 |
  Orcish Mines |   1522 |   1259 |    263 |      0 |      0 |   2 |  761.0 |
   Elven Halls |   2866 |   2486 |    380 |    325 |      0 |   3 |  955.3 |
        Vaults |   5871 |   5264 |    607 |   1280 |      0 |   5 | 1174.2 |
         Crypt |   1444 |   1387 |     57 |    184 |      0 |   3 |  481.3 |
        Depths |   5114 |   4385 |    729 |   1063 |     20 |   4 | 1278.5 |
           Zot |   2356 |   2242 |    114 |    981 |      0 |   5 |  471.2 |
         Abyss |   1762 |   1762 |      0 |    409 |      0 |   1 | 1762.0 |
        Bazaar |    140 |    140 |      0 |      0 |      0 |   2 |   70.0 |
         Sewer |    235 |    235 |      0 |    154 |      0 |   1 |  235.0 |
      Gauntlet |    458 |    458 |      0 |      0 |      0 |   1 |  458.0 |
               +--------+--------+--------+--------+--------+-----+--------+

Top non-repeatable levels by time:
Depths:3: 2349 daAuts
   Zot:5: 1774 daAuts
 Abyss:4: 1762 daAuts
Vaults:5: 1387 daAuts
Vaults:3: 1344 daAuts
    D:10: 1269 daAuts
Vaults:4: 1238 daAuts
  Lair:4: 1216 daAuts
     D:9: 1206 daAuts
Depths:4: 1094 daAuts
   Elf:2: 1068 daAuts
Depths:1: 1061 daAuts
   Elf:3: 1029 daAuts
Vaults:1: 994 daAuts
     D:7: 977 daAuts
